Workbook
Name employmentbarriers: Sheet1!$O$4:$O$20
Name Programelements: Sheet1!$A$20:$A$34
Name Reviewer: Sheet1!$C$2:$C$4
Name RWB: Sheet1!$A$1:$A$25
Name trainingservices: [1]Sheet1!$C$51:$C$63

Sheet Youth
A1: WIOA PARTICIPANT FILE REVIEW TOOL 2017-2018 : FORMULA YOUTH | D1: 1 | E1: 2 | F1: 3 | G1: 4 | H1: 5 | I1: 6 | J1: 7 | K1: 8 | L1: 9 | M1: 10 | N1: 11 | O1: 12 | P1: 13 | Q1: 14 | R1: 15
B2: SELECT Local Workforce Development Board: | C2: Participant Last Name:
B3: SELECT Reviewer Name: | C3: Participant First Name:
B4: Dates of Review: mm/dd/yyyy | C4: State I.D.:
C5: File Status:
B6: PROGRAM ELIGIBILITY DETERMINATION
A7: 1 | B7: WIOA sec. 129 (a)(1)(B), WIOA sec. 129 (a)(1)(C), WIOA Rules Subpart B Section 681.210, 681.220, 681.230, 681.320, 681.250, 681.240, 681.260, 681.280 TEGL 21-16 and TEGL 10-16 | C7: Indicate whether the youth is an Out-of-School Youth (OSY) or an In-School Youth (ISY).
A8: 2 | B8: N/A | C8: Does the WIOA programs (case file) application date match the application date entered into the VaWC? (Y,N)
A9: 3 | B9: WIOA sec. 129 (a)(1)(B), WIOA sec. 129 (a)(1)(C), 20 CFR 681.230 | C9: Was documentation in the case file to verify school status? (Y, N, N/A) Applicable if participant enrolled on or after 7/1/2015.
A10: 4 | B10: WIOA sec. 129 (a)(1)(B) and (C), WIOA SEC. 129(A)(2), WIOA Final Rules Subpart B Section 681.210 - 220, 20 CFR 681.260, WIOA sec. 3(36) TEGL 21-16 | C10: Was documentation in the case file that the youth was determined eligible?
A11: 5 | B11: WIOA Sec. 129(c) (5), Local Workforce Services Plan, 20 CFR 681.250 | C11: Was the participant determined eligible under the 5% income exception criteria and was documentation in the case file to support this program eligibility? (Y, N, N/A).
A12: 6 | B12: WIOA sec. 129 (a)(1)(B), WIOA sec. 129 (a)(1)(C) | C12: Was documentation of age in the case file? (Y, N). (Note: In-School youth must be 14-21 and Out-Of-School youth must be 16-24 years of age).
A13: 7 | B13: WIOA Sec.188 (a)(5), 29 USC 2938(a)(5), and Special Project Contract | C13: Was documentation in the case file of U.S. citizenship or authorization to work in the U.S.? (Y, N).
A14: 8 | B14: WIOA SEC 189, 29 USC 4239(h), Military Selective Service Act | C14: Was selective service verification documentation in the case file at the time of registration or during participation? (Y, N, N/A) (Applicable to males over the age of 18 years at registration).
A15: 9 | B15: WIOA sec. 3(24)(I), WIOA Sec 129 (B) and ( C ) LWDA Plan, Local Policies, TEGL 21-16 | C15: Was documentation in the case file to support the federal or local barrier(s) entered in the VaWC? (Y, N) (Note: A barrier is required for all youth).
A16: 10 | B16: 20 CFR Section 681.310, VWL 16-11, WIOA SEC 129 | C16: If the 5% Limitation for Youth Requires Additional Assistance was used, was supporting documentation found in the case file? (Y,N,N/A). Make sure that documentation meets local policy criteria.
A17: 11 | B17: Code of Virginia §1-204 | C17: If the applicant is under 18 years of age, or 18 years of age and older with a legal guardian due to disability, did the application include the signature of a parent or legal guardian or was there a self-attestation from a parent or legal guardian in the case file? (Y, N, N/A) (Note: N/A = the youth is 18 years of age or greater or an emancipated minor).
C18: NOTES (issues/findings)
B19: VETERANS
A20: 12 | B20: WIOA sec. 3(63)(A) and 38 U.S.C. 101, 20 CFR 1010 20 CFR 680.650, TEGL 03-15 and Local Workforce Service Plan | C20: If the participant was a veteran, did the file contain documentation to verify veteran status? (Y, N, N/A) (Note: N/A= Participant was not a veteran).
A21: 13 | B21: 20 CFR 1010, JVA(38 U.S.C. 4215(a)) Sec. 2(a), Local Workforce Service Plan | C21: If the participant was an eligible spouse of a veteran, did the file contain documentation to verify eligible spouse of a veteran status?(Y, N, N/A) (Note: N/A= Participant was not an eligible spouse of a veteran).
B22: FORMS
A23: 14 | B23: VWL 16-09, VWL 15-05, WIOA SEC 188, 29 CFR 38, 20 CFR 675.300, WIOA 181 (c ) | C23: Was a signed and dated Grievance/Complaint and EEO/Discrimination Form in the participant's hard copy case file? (Y, N).
A24: 15 | B24: VWL 16-09, VWL 15-05, WIOA SEC 188, 29 CFR 38, 20 CFR 675.300 | C24: If yes to #14, did the Grievance/Complaint and EEO/Discrimination Form include the correct name and addresses for filing a grievance or EEO complaint? (Y, N).
A25: 16 | B25: 34 CFR Part 99? FERPA | C25: Was a current signed Consent to Exchange Information form in the participant's case file?
C26: NOTES (issues/findings)
B27: OBJECTIVE ASSESSMENT
B28: INDIVIDUAL SERVICE STRATEGY (ISS)
A29: 17 | B29: 20 CFR 681.320, WIOA sec. 129(c)(1)(A), TEGL 21-16 | C29: Was documentation of an objective assessment in the case file? (Y, N).
A30: 18 | B30: WIOA sec. 129 (c)(1)(A), WIOA Sec 136 (A)(ii), 20 CFR 681.420, TEGL 21-16 | C30: If yes to #17, does the Objective Assessment include an assessment of the academic level, occupational skill level, as well as the service needs and strengths of the participant? (Y, N, N/A).
A31: 19 | B31: WIOA sec. 129 (c) (A), 20 CFR 681.420-460, TEGL 21-16 | C31: Was documentation in the case file of an ISS that was created jointly by the participant and the career manager, and contained at least one of the 14 program elements listed? (Y, N). (If N, questions 18 and 19 will be N/A).
A32: 20 | B32: WIOA sec. 129 (c) (1) (B), 20 CFR 681.460, TEGL 10-16, 20 CFR 681.420 | C32: If yes to #19, does the ISS directly link to one or more of the performance indicators and does the ISS list the activities and services the youth will be or has been engaged in during participation in the WIOA program? (Y, N, N/A).
A33: 21 | B33: WIOA sec. 129 (c) (1) (B), 20 CFR 681 | C33: If yes to #20, was the ISS in the case file updated as activities were completed, benchmarks reached, goals achieved and/or the youth's needs changed? (Y, N, N/A).
C34: NOTES (issues/findings)
B35: PARTICIPATION
A36: 22 | B36: WIOA sec. 129 (c) (1) (B), 20 CFR 681 | C36: What program element was provided to the youth that began participation in the youth program?
B37: WORK EXPERIENCE
A38: 23 | B38: Local Plan, WIOA sec. 129(c)(2)(C), 20 CFR 681.600-681.630, 20 CFR 680.700, 20 CFR 681.480, TEGL 21-16 | C38: Was a WE activity entered in the State's VaWC? (Y, N) (Note: N/A = Participant did not receive a WE activity). (If N/A, questions 29 through 32 will be N/A).
A39: 24 | B39: Local Plan, WIOA sec. 129(c) (2)(c), 20 CFR 681.600 | C39: If yes to #23, was a WE activity agreement executed between the employer and the LWDB (Service Provider) for the participant's training? (Y,N,N/A) (N/A = Participant did not receive WE activity). See comment.
A40: 25 | B40: Local Plan and WE contract agreement, WIOA sec. 129(c) (2)(C), 20 CFR 681.600 | C40: Was documentation in the case file that the WE start date was on or after the employer's WE activity agreement effective date? (Y, N, N/A) (N/A = Participant did not receive WE activity).
A41: 26 | B41: Fair Labor Standards Act, Local Workforce Service Plan, Special Project Contract, WIOA sec. 129(c) (2)(C), 20 CFR 681.600 | C41: Was this a paid WE? (Y, N, N/A) (Note: N/A=Participant did not participate in a WE activity).
A42: 27 | B42: Fair Labor Standards Act, Local Workforce Service Plan, Special Project Contract, WIOA sec. 129(c) (2)(C) , 20 CFR 681.600 | C42: If yes to #26, was the participant paid the wage stated in the agreement and were FLSA requirements met? (Y, N, N/A) (N/A = Participant did not receive WE activity).
A43: 28 | B43: Local Workforce Service Plan and WE contract agreement, WIOA sec. 129(c) (2)©, TEGL 21-16, 20 CFR 681.600 | C43: Was the WE training provided as described in the WE agreement and ISS? (Y, N, N/A) (N/A = Participant did not receive WE activity).
A44: 29 | B44: Local Workforce Service Plan and WE contract agreement, WIOA sec. 129(c) (2)©, TEGL 21-16, 20 CFR 681.600 | C44: Did the WE include an academic or occupational education component? (Y,N)
A45: 30 | B45: Local Workforce Service Plan and WE contract agreement, WIOA sec. 129(c) (2)(C) | C45: If yes, was the academic or educational component described in the ISS? (Y,N)
A46: 31 | B46: WIOA sec. 129(c) (2)(C) 20 CFR 681.600 | C46: Did the participant complete the WE activity? (Y, N,N/A) (N/A = Participant did not receive WE activity).
A47: 32 | B47: Local Workforce Service Plan, Special Project Contract, WIOA sec. 129(c) (2)(C), 20 CFR 681.600 | C47: If yes to #31, did the employer provide a copy of the training completion information? (Y, N, N/A) (N/A = Participant did not receive WE activity, did not complete the activity, or did not receive a certificate of completion/credential).
C48: NOTES (issues/findings)
B49: OCCUPATIONAL SKILLS TRAINING
A50: 33 | B50: WIOA sec. 129(c) (2)(C), WIOA sec. 129(c)(2)(D), WIOA sec 123, 20 CFR 681.460,540 | C50: Was an Occupational/Skills Training activity entered in the VaWC? (Y, N) (Note: N = Participant did not receive Occupational/Skills Training services) (If N, questions 36 through 39 will also be N/A).
A51: 34 | B51: 20 CFR 681.420, 20 CFR 681.320 | C51: If yes to #34, was documentation in the case file of a determination of need for training services as identified in the ISS? (Y, N, N/A) (Note: N/A = Participant did not receive Occupational Skills Training services).
A52: 35 | B52: 20 CFR 660 | C52: If yes to #34, was the training in a local/state demand occupation? (Y, N, N/A). (Note: N/A = Participant did not receive Occupational Skills Training services or participant did not enroll in Occupational skills training with an ITA).
A53: 36 | B53: 20 CFR 680, WIOA Sec.122, VWL 16-06 | C53: Was the training provider on the local/state approved eligible training provider list (ETPL)? (Y, N, N/A). (Note: N/A = Participant did not receive Occupational Skills Training services or participant did not enroll in Occupational skills training with an ITA).
A54: 37 | B54: WIOA Sec.122, 20 CFR 681.550 | C54: If an Individual Training Account (ITA) was utilized, was documentation in the case file to support ITA costs? (Y, N, N/A). (Note: N/A = Participant did not receive Occupational Skills Training services or participant did not enroll in Occupational Skills Training with an ITA). (Applies to individuals enrolled in training after April 11, 2011).
B55: NOTES (issues/findings)
B56: SUPPORTIVE SERVICES
A57: 38 | B57: WIOA Sec. 3 (59), 20 CFR 681.570, 20 CFR 680.900, 20 CFR 681.640., TEGL 21-16 | C57: Was a supportive service entered in VaWC? (Y, N) (Note: N = Participant did not receive a supportive service). (If N, questions 41 through 43 will be an N/A).
A58: 39 | B58: WIOA Sec. 3 (59) | C58: If yes to #38, was documentation in the participant case file to verify the supportive service provided? (Y, N, N/A) (Note: N/A = No supportive service was provided).
A59: 40 | B59: WIOA Sec. 3 (59) | C59: Did the supportive services documented in the case file match the supportive services entered in VaWC? (Y, N, N/A) (Note: N/A = No supportive service was provided).
A60: 41 | B60: WIOA Sec. 3 (59), 2 CFR part 200 | C60: If yes to #40, was documentation in the case file to show that the supportive services were issued in accordance with local, state and federal policy? (Y, N, N/A) (Note: N/A = No supportive service was provided).
A61: 42 | B61: TEGL 21-16 | C61: Was there a determination of the need for support services? Is this documented in the case file?
A62: 43 | B62: WIOA Sec. 3 (59), VBWD 401-05 | C62: Were procedures in place that documented how the participant pursued, and had not been provided, supportive services through other sources? Were those resources documented in the file?
A63: 44 | B63: VBWD 401-05 | C63: Were there clear financial tracking and reporting systems in the file to account for the expenditure of WIOA Title I funds for supportive services.
A64: 45 | B64: 20 CFR 680.900-970, WIOA Sec. 3 (59) and Sec. 134(d)(2) | C64: Were Needs related Payments provided to the participant?
B65: NOTES (issues/findings)
B66: MEASUREABLE SKILLS GAIN
A67: 46 | B67: 20 CFR 677.155, TEGL 10-16 | C67: During the program year, was the participant in an education or training program that led to a recognized post secondary credential or employment and achieved measureable skill gains, defined as documented academic, technical, occupational, or other forms of progress, towards such a credential or employment?
A68: 47 | B68: WIOA sec 3(5)(a)(b), 20 CFR 681.290 | C68: Were the measureable gains accurately entered in the VaWC Measureable Skills Gain Link? (Y,N, N/A).
A69: 48 | B69: 2 CFR 200.400 | C69: Were the assessment results or Measureable Skills Gain results maintained in the participant's hard copy case file for each applicable program year? (Y,N, N/A).
B70: NOTES (issues/findings)
B71: CREDENTIAL ATTAINMENT
A72: 49 | B72: TEGL 10-16, Federal Data Validation Requirements, WIOA SEC 116 | C72: Was a credential attainment entered in VaWC? (Y, N). (Note: N/A = Participant did not receive a credential). (If N/A, questions 45 and 46 will be N/A).
A73: 50 | B73: TEGL 10-16, WIOA SEC 116 | C73: If yes to #49, was documentation in the participant's case file to support the credential? (Y, N, N/A) (Note: N/A = no credential entered in VaWC).
A74: 51 | B74: TEGL 10-16, VWL N/AN/A-N/AN/A, and Federal Data Validation Requirements | C74: If yes to #50, did the credential attainment date and type match the credential attainment information entered in the VaWC? (Y, N, N/A).
B75: NOTES (issues/findings)
B76: PROGRAM CLOSURE/ EXIT
A77: 52 | B77: 20 CFR 677.150(C), TEGL 10-16, and Federal Data Validation Requirements | C77: Was the participant exited in VaWC? (Y, N) (N = Case is open or there is a WIOA case closure but no exit) (If N, question 47 through 54 will be N/A).
A78: 53 | B78: 20 CFR 677.175, TEGL 10-16, Federal Data Validation Requirements, WIOA sec.116 | C78: If yes to #52, and the participant exited with unsubsidized employment, was documentation in the case file to verify the employment start date and wage information? (Y, N, N/A). (N/A = Participant did not exit with employment).
A79: 54 | B79: Federal Data Validation Requirements | C79: If yes to #53, was the employment information accurately entered in the VaWC? (Y, N, N/A). (N/A = Participant did not exit with employment).
A80: 55 | B80: TEGL 10-16 | C80: Was the participant exited with an exclusion? (Y,N, N/A). (N/A= Participant did not exit with exclusion).
A81: 56 | B81: TEGL 10-16 | C81: If yes to #55, was documentation in the case file to verify the exclusion meets the federal guidelines? (Y,N)
B82: NOTES (issues/findings)
B83: FOLLOW-UP SERVICES
A84: 57 | B84: 20 CFR 681.580, WIOA sec. 129 (c) (2)(I), TEGL 21-16, TEGL 10-16 | C84: Was a follow-up service entered in the State's VaWC? (Y, N,) (Note: N = Participant's case is currently open, there is a case closure but participant has not exited the program, the participant declines to receive follow-up services or the participant cannot be located).
A85: 58 | B85: 20 CFR 681.580, WIOA sec. 129 (c) (2)(I), TEGL 21-16, TEGL 10-16 | C85: If no to #57, was documentation in the case file to verify that follow-up services were offered? (Y,N)
A86: 59 | B86: 20 CFR 681.580, WIOA sec. 129 (c) (2)(I), TEGL 21-16, TEGL 10-16 | C86: If yes to #57, was documentation in the case file of a determination of need for follow-up services? (Y,N,N/A) (Note: N/A= Participant did not received follow-up services).
A87: 60 | B87: 20 CFR 681.580, WIOA sec. 129 (c) (2)(I), TEGL 21-16, TEGL 10-16 | C87: If yes to #59, was documentation in the case file of the follow-up service provided to the participant? (Y, N, N/A) (Note: N/A = Participant did not receive follow-up services).
B88: NOTES (issues/findings)
B89: QUARTERLY FOLLOW-UPS (Data Collection/Performance Accountability)
A90: 61 | B90: TEGL 10-16, TEGL 21-16, WIOA sec. 129 (c) (2)(I), 20 CFR 677.155 | C90: Were required follow-ups conducted for each of the 1st, 2nd, 3rd, and 4th quarters after exit intervals, as applicable? (Y,N,N/A) (Note: If No, questions 61 and 62 will be N/A). (Note: N/A = Participant's case is currently open, there is a case closure but participant has not exited the program, follow-up is not due or the participant cannot be located).
A91: 62 | B91: TEGL 10-16, TEGL 21-16, WIOA sec. 129 (c) (2)(I) | C91: If yes to #61, were the follow-ups conducted by the due date indicated in the follow-up table in the VaWC? (Y,N,N/A) (Note: N/A= Participant cannot be located).
A92: 63 | B92: TEGL 10-16, TEGL 21-16, WIOA sec. 129 (c) (2)(I) | C92: Was employment or post-secondary enrollment information correctly entered in the follow-up fields in VaWC for each applicable quarter and properly verified? (Y, N, N/A) (Note: N/A =Participant was not employed during the time of the follow up or the participant cannot be located).
B93: NOTES (issues/findings)
B94: Legend:
B95: Finding
B96: Other Noncompliance Issue
B97: Notes will pre-populate on the Yth results tab
D186: Y | E186: ISY
D187: N | E187: OSY
D188: N/A

Sheet Adult-DW
A1: WIOA PARTICIPANT FILE REVIEW TOOL 2017-2018 : FORMULA ADULT & DW | D1: 1 | E1: 2 | F1: 3 | G1: 4 | H1: 5 | I1: 6 | J1: 7 | K1: 8 | L1: 9 | M1: 10 | N1: 11 | O1: 12 | P1: 13 | Q1: 14 | R1: 15
B2: SELECT Local Workforce Development Board: | C2: Participant Last Name:
B3: SELECT Reviewer Name: | C3: Participant First Name:
B4: Dates of Review: mm/dd/yyyy | C4: State I.D.:
C5: File Status
B6: PROGRAM ELIGIBILITY DETERMINATION
A7: 1 | B7: WIOA Sec. 3(2), Sec. 3(15), 20 CFR 677.150, TEGL 19-16 | C7: Indicate whether the participant is an Adult (A) or Dislocated Worker (DW).
A8: 2 | C8: Does the WIOA programs application date match the application date entered into the VaWC? (Y,N)
A9: 3 | B9: 20 CFR Sec. 680.130, WIOA Sec.3(15), TEGL 19-16 | C9: If a Dislocated Worker, did the case file contain documentation of lay-off, termination, plant closure, recently separated veteran or spouse of a recently separated veteran, spouse of a veteran on active duty or other eligible Dislocated Worker criteria? (Y, N, N/A) (Note: N/A=Participant was not a Dislocated Worker).
A10: 4 | B10: 20 CFR 680.120, WIOA Sec.3(2), WIOA Sec. 3(15) | C10: Was documentation in the case file that the participant was 18 years of age or older at registration? (Y, N). (Note: If DW, participant does not have to be 18; however, determination of age must be documented).
A11: 5 | B11: WIOA Sec.188 (a)(5), 29 USC 2938(a)(5) | C11: Was documentation in the case file of U.S. citizenship or authorization to work in the U.S.? (Y, N).
A12: 6 | B12: 29 USC 2939(h), 50 U.S.C. App. 453 WIOA Sec.189(h), TEGL No. 11-11, change 2, and VWL 15-02, Attachment E | C12: Was selective service verification documentation in the case file at the time of registration or during participation? (Y, N, N/A) (Applicable to males born after 1960 and who are over the age of 18 years at registration).
C13: NOTES (findings/issues)
B14: PRIORITY POPULATION- BARRIERS TO EMPLOYMENT
A15: 7 | B15: WIOA Sec. 3(24), Sec. 3(15), 20 CFR 677.150, TEGL 19-16, WIOA Sec. 167(i) and TEGL 35–14 | C15: Indicate whether the participant is meeting a barrier to employment.
A16: 8 | B16: WIOA Sec. 3(24), Sec. 3(15), 20 CFR 677.150, TEGL 19-16, WIOA Sec. 167(i) and TEGL 35–14 | C16: Does the VaWC application capture the client's barrier( s)?
C17: NOTES (findings/issues)
B18: EMPLOYED (at participation) SELF-SUFFICIENCY DETERMINATION
A19: 9 | B19: WIOA Sec.122 (h), 20 CRF 680.700-850, WIOA sec. 134(c)(3)(A), and Local Workforce Service Plan | C19: Was the participant an employed worker/incumbent worker at the time of registration? (Y, N). (If No, questions 10 and 11 will be N/A).
A20: 10 | B20: WIOA Sec.122 (h), 20 CRF 680.700-850, WIOA sec. 134(c)(3)(A), and Local Workforce Service Plan | C20: If yes to #9, and the participant was not referred by an employer, is there documentation in the case file indicating that the participant was not earning a self-sufficient wage at the time of registration, was in need of training services to obtain or retain employment leading to "self-sufficiency", and was the participant in agreement with the training selection? (Y, N, N/A) (Note: N/A = Referred by an employer).
A21: 11 | B21: WIOA Sec.122 (h), 20 CRF 680.700-850, WIOA sec. 134(c)(3)(A), and Local Workforce Service Plan | C21: If yes to #9, and the participant was referred by an employer, is there documentation in the case file from the employer indicating the participant was in need of WIOA training services in order to obtain or retain employment that leads to self-sufficiency or to avert layoffs as described in local policy? (Y, N, N/A) (Note: N/A = Not referred by an employer).
C22: NOTES (findings/issues)
B23: VETERANS PRIORITY (All programs)
A24: 12 | B24: WIOA Sec.3(63)(A) and (B), 38 U.S.C. 101, 20 CFR 1010.110 TEGL 03-15 and Local Workforce Service Plan, 20 CFR 680.650 | C24: If the participant was a veteran, did the file contain documentation to verify veteran status? (Y, N, N/A) (Note: N/A= Participant was not a veteran.).
A25: 13 | B25: WIOA Sec.3(63)(A), 38 U.S.C. 101, 20 CFR 1010.110 TEGL 03-15 and Local Workforce Service Plan | C25: If the participant was an eligible spouse of a veteran, did the file contain documentation to verify eligible spouse of a veteran status?(Y, N, N/A) (Note: N/A= Participant was not an eligible spouse of a veteran).
C26: NOTES (findings/issues)
B27: PRIORITY OF SERVICE (Adult program only)
A28: 14 | B28: WIOA Sec 134(c)(3)(E ),20 CFR Part 675, 20 CFR Part 680. sections100 - 195 and 600-660 , WIOA Secs. 3(16),3(24), 3(25), 3(36), VWL 15-03, VWL 15-10, TEGL 19-16, TEGL 10-09 | C28: If an Adult, was the participant receiving services under criteria described in the LWDA Priority of Service policy and was there documentation to support that determination? (Y, N, N/A) (Note: N/A= Priority of Service was not applicable to the participant, participant was a Dislocated Worker or an Employed/Incumbent Worker referred by the employer).
A29: 15 | B29: 20 CFR Part 680 Section 600- 660 | C29: Is there a clear selection process/procedure followed when providing individualized services and training services when there is a waiting list and priority of service is engaged?
C30: NOTES (findings/issues)
B31: REQUIRED FORMS
A32: 16 | B32: 20 CFR 683.600, 20 CFR 181(c ), WIOA Sec. 188, 29 CFR 38.35-36 | C32: Was a signed and dated Grievance/Complaint and EEO/Discrimination Forms in the participant's case file? (Y, N).
A33: 17 | B33: 20 CFR 683.600, 20 CFR 181(c ), WIOA Sec. 188, 29 CFR 38.35-36 | C33: If yes to #16, did the Grievance/Complaint and EEO/Discrimination Forms include correct names and addresses for filing a grievance, appeal or EEO complaint? (Y, N,).
A34: 18 | B34: 34 CFR Part 99? FERPA | C34: Was a current signed Consent to Exchange Information form in the participant's case file?
C35: NOTES (findings/issues)
B36: BASIC CAREER SERVICES (that trigger participation only)
A37: 19 | B37: 20 CFR 678.430, 20 CFR 680.150, TEGL 03-15, WIOA Section 134 (c)(2)(A)(i)-(xi), TEGL 19-16 | C37: Was a basic career service activity entered in the State's VaWC? (Y, N) (Note: N = Participant did not receive a basic career service that required significant staff assistance. (If N, question 15 will be N/A).
A38: 20 | B38: 20 CFR 678.430, 20 CFR 680.150, TEGL 03-15, WIOA Section 134 (c)(2)(A)(i)-(xi), TEGL 19-16 | C38: If yes to #19, was documentation in the case file of the basic career service provided? (Y, N, N/A) (Note: N/A = Participant did not receive a basic career service that required significant staff assistance).
C39: NOTES (findings/issues)
B40: INDIVIDUALIZED CAREER SERVICES
A41: 21 | B41: 20 CFR 678.430, WIOA Section 134 (c)(2)(A)(xii) and TEGL 03-15 | C41: Was an Individualized career service entered in the State's VaWC? (Y, N) (Note: N= Participant did not receive an individualized career service). (If N, questions 22 and 23 will be N/A).
A42: 22 | B42: 20 CFR 678.430, WIOA Section 134 (c)(2)(A)(xii) and TEGL 03-15 | C42: If yes to #21, was documentation in the case file of a determination of need for individualized services to obtain or retain employment leading to "self-sufficiency"? (Y,N,N/A) (Note: N/A= Participant did not received individualized services).
A43: 23 | B43: 20 CFR 678.430, WIOA Section 134 (c)(2)(A)(xii) and TEGL 03-15 | C43: If yes to #21, was documentation in the case file of the individualized career service provided? (Y, N, N/A) (Note: N/A = Participant did not receive an individualized career service).
C44: NOTES (findings/issues)
B45: WORK EXPERIENCE/INTERNSHIP
A46: 24 | B46: 20 CFR Sec. 680.180, 680.190, 680.195 and 680.200, WIOA sec. 134(c)(2)(A)(xii)(VII), WIOA sec 134(d)(5), and Local Workforce Service Plan | C46: Was the participant provided a work experience (WE) service? (Y, N) (Note: N = Participant did not receive a WE activity). (If N, questions 25 through 30 will be N/A).
A47: 25 | B47: 20 CFR Sec. 680.180, 680.190, 680.195 and 680.200, WIOA sec. 134(c)(2)(A)(xii)(VII), WIOA sec 134(d)(5), and Local Workforce Service Plan | C47: Was a WE activity entered in the State's VaWC? (Y, N, N/A) (Note: N = Participant did not receive a WE activity or participant received a WE service but the activity was not entered in the VaWC).
A48: 26 | B48: 20 CFR Sec. 680.180, 680.190, 680.195 and 680.200, WIOA sec. 134(c)(2)(A)(xii)(VII), WIOA sec 134(d)(5), and Local Workforce Service Plan | C48: If yes to # 24,was a WE training agreement executed between the employer, and the LWDB or the WIOA program service provider, for the participant's training? (Y,N,N/A) (Note: N/A = Participant did not receive a WE activity).
A49: 27 | B49: 20 CFR Sec. 680.180, 680.190, 680.195 and 680.200, WIOA sec. 134(c)(2)(A)(xii)(VII), WIOA sec 134(d)(5), Local Workforce Service Plan and WE contract agreement | C49: Was documentation in the case file that the WE start date was on or after the employer's WE training agreement effective date? (Y, N,N/A) (Note: N/A = Participant did not receive a WE activity).
A50: 28 | B50: 20 CFR Sec. 680.180, 680.190, 680.195 and 680.200, WIOA sec. 134(c)(2)(A)(xii)(VII), WIOA sec 134(d)(5), Fair Labor Standards Act, Local Workforce Service Plan and WE contract agreement | C50: Was this a paid WE? (Y,N,N/A) (Note: N/A =Participant did not receive a WE activity). (Note: Transitional Jobs must be a paid activity).
A51: 29 | B51: 20 CFR Sec. 680.180, 680.190, 680.195 and 680.200, WIOA sec. 134(c)(2)(A)(xii)(VII), WIOA sec 134(d)(5), Fair Labor Standards Act, Local Workforce Service Plan and WE contract agreement | C51: If yes to #28, was the participant paid the wage stated in the agreement? (Y, N, N/A) (Note: N/A = Participant did not receive a WE activity).
A52: 30 | B52: 20 CFR Sec. 680.180, 680.190, 680.195 and 680.200, WIOA sec. 134(c)(2)(A)(xii)(VII), WIOA sec 134(d)(5), Local Workforce Service Plan and WE contract agreement | C52: Was the WE training provided as described in the IEP? (Y, N, N/A) (Note: N/A = Participant did not receive a WE activity).
C53: NOTES (findings/issues)
B54: TRANSITIONAL JOBS
A55: 31 | B55: 20 CFR 680.195, WIO Sec. 134(d)(5) and Local Workforce Service Plan | C55: If a transitional job, was the work experience combined with comprehensive career services and support services? (Y,N,N/A) (Note: N/A=Participant did not receive a WE activity). (Note: Question not applicable to other types of WE).
A56: 32 | B56: 20 CFR 680.320, TEGL 19-16 | C56: Was the activity aligned with local, state and federal policies that define and identify individuals who are ""chronically unemployed" or "have an inconsistent work history." This activity is only available to this population,
A57: 33 | B57: TEGL 19-16 | C57: DOL encourages utilizing job readiness training in combination with transitional jobs if determined appropriate by the Local WDB. Was there evidence in the record that the participant was provided this service?
A58: 34 | B58: TEGL 19-16 | C58: Does the contract and the service plan describe the activity? These jobs must be designed to establish a work history for the individual, demonstrate success in the workplace, and develop the skills that lead to entry into and retention in unsubsidized employment.
A59: 35 | B59: TEGL 19-16 | C59: LWDB policies must include plans on the amount of reimbursements for the jobs (up to 100 percent of the wage), what supportive services must be included, and the limits on the duration of the transitional job. Does the case file reflect compliance with local policies?
C60: NOTES (findings/issues)
B61: TRAINING SERVICES
A62: 36 | B62: 20 CFR Part 680 Sections 200 - 230, TEGL 19-16 | C62: Was a training service provided to the participant?
A63: 37 | B63: 20 CFR Part 680 Sections 200 - 230, TEGL 19-16 | C63: If OST was provided, was a training activity code entered in the State's Management Information System (VaWC)? (Y, N) (Note: N/A = Participant did not receive training services funded with Title I funds). (If N/A, questions 33 through 36 will be X).
A64: 38 | B64: 20 CFR 680.210 and 680.220, WIOA Sec. 134(c)(3)(A)(bb), WIOASec.134(c)(2) | C64: If yes to # 31, was documentation in the case file of a determination of need for training services after an interview, evaluation, or assessment and career planning? (Y, N,N/A) (Note: N/A = Participant did not receive a training activity funded with Title I funds).
A65: 39 | B65: 20 CFR 680.410-420, WIOA Sec. 122 (b)(1)(D), WIOA Sec. 122 (b)(4)(A), WIOA Sec. 122 (a)(3), | C65: If a training activity was provided, was the training in a local/state demand occupation? (Y, N, N/A). (Note: N/A= Participant did not receive a training activity funded with Title I funds).
A66: 40 | B66: 20 CFR 680.410-420, WIOA Sec. 122 (b)(1)(D), WIOA Sec. 122 (b)(4)(A), WIOA Sec. 122 (a)(3), | C66: Was the training provider on the local/state approved eligible training provider list (ETPL)? (Y, N, N/A). (Note: N/A = Participant did not receive a training activity funded with Title I funds).
A67: 41 | B67: 20 CFR 680.300, WIOA sec. 134 (c)(3)(F)(iii) and (G) | C67: If an Individual Training Account (ITA) was utilized, was documentation in the case file to support ITA costs? (Y, N, N/A). (Note: N/A = Participant did not receive a training activity funded with Title I funds or participant did not enroll in training with an ITA).
C68: NOTES (findings/issues)
B69: REGISTERED APPRENTICSHIP
A70: 42 | B70: 20 CFR 680.330 and 680.470 , WIOA Sec. 122(a)(2)(B), WIOA Sec. 134(d)(1)(A)(IX)(II)(bb) | C70: If a RA activity was provided, was an RA activity entered in the State's VaWC? (Y, N, N/A) (If Y, reviewer must complete the OJT section of the tool). (If N/A, the participant did not receive RA training or the OJT portion of the RA training was not funded using OJT funds).
C71: NOTES (findings/issues)
B72: ADULT EDUCATION AND LITERACY ACTIVITIES
A73: 43 | B73: 20. CFR 680.350, WIOA Sec. 134(c)(3)(D)(X) | C73: If an AEL activity was provided and Title I Adult and Dislocated Worker funds were used, was the AEL activity done concurrently or in coordination with an allowable training activity? (Y,N, N/A) (Note: N/A= Participant did not receive an AEL activity or an AEL activity was given but was not funded with Title I Adult and DW funding).
C74: NOTES (findings/issues)
B75: CONTRACT TRAINING (OJT, CUSTOMIZED, IWT)
A76: 44 | B76: WIOA Sec.122 (h), 20 CRF 680 Sections 300-770-840, WIOA sec. 134(c)(3)(A), and LWDA Plan | C76: Was On-The-Job (OJT), Customized Training (CT) or Incumbent Worker Training (IWT) provided to the participant? (Y, N, N/A) (Note: N = Participant did not receive OJT, CT or IWT) (If N/A, questions 45 through 57 will be N/A).
A77: 45 | B77: 20 CFR 680.210 and 680.220, WIOA Sec. 134(c)(3)(A)(bb), WIOASec.134(c)(2) | C77: If yes to # 44 was documentation in the case file of a determination of need for training services after an interview, evaluation, or assessment and career planning? (Y, N, N/A) (Note: N/A = Participant did not receive an OS, RA, PA, SUR or an AEL training activity funded with Title I funds).
A78: 46 | B78: WIOA Sec.122 (h), 20 CRF 680.770, WIOA sec. 134(c)(3)(A), and Local Workforce Service Plan | C78: If yes to #44 indicate the type of training provided (OJT, CT or IWT).
A79: 47 | B79: WIOA Sec. 194(4) | C79: Did the participant obtain employment as a result of the OJT or training activity? Has the employer taken part in multiple OJT activities? If yes, was a pattern of failing to provide OJT training participants with long-term employment exhibited?
A80: 48 | B80: WIOA Sec.122 (h), 20 CRF 680.770-840, WIOA sec. 134(c)(3)(A), and Local Workforce Service Plan | C80: If IWT, was there documentation of an established employment history with the employer of six months or more or was the participant part of a training group where the majority of the group meet the six months requirement? (Y, N, N/A) (Note: N/A = Participant did not receive an IWT activity).
A81: 49 | B81: WIOA Sec.122 (h), 20 CRF 680.770-840, WIOA sec. 134(c)(3)(A), and Local Workforce Service Plan | C81: Was an OJT, CT or IWT agreement executed between the employer or a RA program sponsor and the Region for the participant's training position? (Y, N, N/A) (Note: N/A = Participant did not receive OJT, CT or IWT activity). (Note: An agreement between the registered apprenticeship program sponsor and the region can only be executed if the participant was placed in a RA program).
A82: 50 | B82: WIOA Sec.122 (h), 20 CRF 680.770-840, WIOA sec. 134(c)(3)(A), and Local Workforce Service Plan | C82: Is documentation in the case file of the referral to the OJT employer? (Y, N, N/A) (Note: N/A = Participant did not receive OJT) (Note: Question not applicable to CT or IWT).
A83: 51 | B83: WIOA Sec.122 (h), 20 CRF 680.770-840, WIOA sec. 134(c)(3)(A), and Local Workforce Service Plan | C83: If yes to #45, does the job title on the referral match the occupation listed on the participant's IEP or case notes? (Y, N, N/A) (Note: N/A = Participant did not receive OJT) (Note: Question not applicable to CT or IWT).
A84: 52 | B84: WIOA Sec.122 (h), 20 CRF 680.770-840, WIOA sec. 134(c)(3)(A), and Local Workforce Service Plan | C84: Is documentation in the case file that the participant's OJT/CT/IWT start date was on or after the employer's OJT/CT/IWT contract effective date? (Y, N, N/A) (Note: N/A = Participant did not receive OJT, or CT or IWT).
A85: 53 | B85: WIOA Sec.122 (h), 20 CRF 680.770-840, WIOA sec. 134(c)(3)(A), and Local Workforce Service Plan | C85: Did the file contain details of the skills to be attained, the duration of the training and the wage rate or the established non-federal reimbursement share? (Y, N, N/A) (Note: N/A = Participant did not receive OJT). (Note: Wage rate not applicable to CT and IWT).
A86: 54 | B86: WIOA Sec.122 (h), 20 CRF 680.770-840, WIOA sec. 134(c)(3)(A), and Local Workforce Service Plan | C86: Was the training provided as described in the OJT/CT/IWT agreement? (Y,N,N/A) (Note: N/A = Participant did not receive OJT, or CT or IWT).
A87: 55 | B87: 20 CFR Subpart F | C87: Were completed time sheets and performance evaluations in the participant file?
... A89: 57 | B89: 20 CFR 680.340 | C89: Was Consumer Choice noted?
C90: NOTES (findings/issues)
B91: SUPPORTIVE SERVICES
A92: 58 | B92: 20 CFR 680.900-970, WIOA Sec. 3 (59) and Sec. 134(d)(2) | C92: Was a supportive service activity provided? (Y, N, N/A) (Note: N/A = Participant did not receive a supportive service). (If N/A, questions 59 through 65 will be N/A).
A93: 59 | B93: 20 CFR 680.900-970, WIOA Sec. 3 (59) and Sec. 134(d)(2) | C93: If yes to #58, was there documentation in the participant case file to verify the supportive service provided? (Y, N, N/A (Note: N/A = no supportive service was provided).
A94: 60 | B94: 20 CFR 680.900-970, WIOA Sec. 3 (59) and Sec. 134(d)(2) | C94: Did the supportive service activity documented in the case file match the supportive service activity entered in the VaWC? (Y, N, N/A) (Note: N/A = no supportive service was provided).
A95: 61 | B95: VBWD 401-05, | C95: Was there a determination of support service needs? Is this documented in the case file?
A96: 62 | B96: WIOA Sec. 3 (59), VBWD 401-05 | C96: Were procedures in place that documented how the participant pursued, and had not been provided, supportive services through other sources? Were those resources documented in the file?
A97: 63 | B97: VBWD 401-05 | C97: Were there clear financial tracking and reporting systems in the file to account for the expenditure of WIOA Title I funds for supportive services.
A98: 64 | B98: 20 CFR 680.900-970, WIOA Sec. 3 (59) and Sec. 134(d)(2) | C98: Was there documentation in the case file to show that the supportive services were issued in accordance with local policy? (Y, N, N/A) (Note: N/A = No supportive service was provided).
A99: 65 | B99: 20 CFR 680.900-970, WIOA Sec. 3 (59) and Sec. 134(d)(2) | C99: Were Needs related Payments provided to the participant?
C100: NOTES (findings/issues)
B101: MEASUREABLE SKILLS GAIN
...

Sheet OST
B2: Occupational Skills Training
B3: Occupational Skills Training: Training services for eligible individuals are typically provided by training providers who receive payment for their services through an IA. The ITA is a payment agreement established on behalf of a participant with a training provider. WIOA Title I adult and dislocated workers purchase training services from State eligible training providers they select in consultation with the career planner, which includes a discussion of program quality and performance information on the available eligible training providers. Contracts for services may be used in place of ITAs when the WDB decides there are an insufficient number of eligible training providers or when the WDB determines there is a training service of demonstrated effectiveness offered by a community-based organization, when the WDB determines it would be most appropriate to contract with an institution of higher education to provide training to multiple individuals in in-demand industry sectors or occupations or when the WDB is considering a pay-for-performance contract.
B10: Documentation reviewed:
B11: Local policies and procedures and local plan language on Occupational Skills Training
B12: Contracts with training providers (If LWDB determines that ITA's are not the best mechanism or there are not sufficient ETPs in local area to provide training via ITA)
B13: VaWC records
B15: Review Process:
B16: A. Obtain a copy of the current related policies and procedures and review to ensure that the local area is following their policies during implementation.
B17: B. Review the local area process for providing Occupational skills training and complete the appropriate checklist below.
B18: C. If the LWBD does contract directly with training providers, select a sample of two-three contracts to review. Complete the corresponding checklists.
B20: Individual Training Accounts
B21: Note: Use "Status" column to note the appropriate response (yes, no, n/a) related to each review criteria and provide necessary comments.
B22: Questions | H22: Status | J22: Comments
B23: The LWDA has policies and procedures in place on the provision of Occupational skills training for Adult, Dislocated Workers and Youth participants.
B24: ITAs are primary funding mechanism for occupational skills training for Adults and Dislocated workers.
B25: The local plan describes how the local area will provide occupational skills training for youth. (Use of ITAs or other methods such as contracts). | P25: Confirm they are following as outlined in the local plan (i.e., says they will use ITAs and they are doing so)
B26: ITAs may be used for occupational skills training for OSY participants (16-24). ( 20 CFR 681.550)
B27: If the LWDB has determined and stated that contracting is the preferred method for providing OST to ISY and OSY, the LWDB is the entity that procures training services and is responsible for developing and overseeing contracts with each training provider. (Procurement requirements must be followed and documented).
B28: IF ISY (18-21) receive occupational skills training, the youth are co-enrolled with the adult program and adult program funded ITAs are used to pay for training. (20 CFR 681.550)
B29: Participant files include documented assessment and determination of need for occupational skills training, information on training program and costs, Financial Aid awards, ITA, progress in training, and credential(s) earned.
B31: Contract with OST Providers | P31: Identify the training providers selected for review
B32: Note: Use "Status" column to note the appropriate response (yes, no, n/a) related to each review criteria and provide necessary comments.
B33: Questions | H33: Status | J33: Comments
B34: The LWDA has policies and procedures in place on the provision of Occupational skills training through contracts.
B35: Contracts for OST may be used under the following exceptions:
B36: When the services provided are OJT, customized training, incumbent worker training, or transitional jobs. (20 CFR 680.320 (a)(1)
B37: The LWDB has determined there are an insufficient number of eligible training providers in the local area to accomplish the purpose of a system of ITAs. The determination process must include a public comment period for interested providers of at least 30 days, and be described in the local plan. (20 CFR 680.320 (a)(2))
B38: The LWDB determines a training services program of demonstrated effectiveness is offered by CBO or private entity- the LWDB has developed criteria to be used in determining the demonstrated effectiveness, as it applies to individuals with barriers to employment. (20 CFR 680.320 (a)(3))
B39: The LWDB determines it would be most appropriate to contract with an institution of higher education or other provider of training services to facilitate training of multiple individuals in in-demand industry sectors or occupations, provided that the contract does not limit customer choice. (20 CFR 680.320 (a)(4))
B40: The LWDB is considering entering into a pay-for-performance contract, and the LWDB ensures that the contract is consistent with 20 CFR 683.510. (20 CFR 680.320 (a)(5))
B41: The LWDB should maintain Board minutes that detail discussion and determination that contract with training providers is appropriate based on one of the exceptions listed above and copies of all contracts with eligible training providers.
B42: Contracts should at least outline the types of training services to be provided, the cost of training, number of participants, and length of training.
B43: Contract Worksheet
B44: Note: Use "Status" column to note the appropriate response (yes, no, n/a) related to each review criteria and provide necessary comments.
B45: Questions | H45: Status | J45: Comments
B46: Length Of Time The Training Will Be Provided – The length of OJT/CT/IWT training contract is limited to the amount of time required for the individual to become proficient in the occupation for which training is provided. Consideration is given to the skill requirements of the occupation, the academic and occupational skill level of the participant, prior work experience, and the participant's individual employment plan. 20 CFR§680.700)(c)). Steps for determining duration must be documented in the local policies or plans. (WIOA Section 108(b)(4)(B))
B47: Training Outline/Plan- Listing Work Skills To Be Learned In the Position – A comprehensive list of work skills the trainee will learn during the contract period is a required part of the contract. Efforts should be made to develop programs which contribute to occupational development, upward mobility, development of new careers, and opportunities for nontraditional employment.
B48: Other Classroom Training – An outline of any other separate classroom training may be provided by the employer.
B49: OJT payments to employers– The contract should include the rate of wage reimbursement to be provided and payment terms. Typically, the reimbursement rate may be up to 50 percent of extraordinary costs (20 CFR §680.730). The Governor or WDB may increase the amount of the reimbursement from 50 percent up to 75 percent of the wage rate of a participant for a program if: 1. The Governor approves the increase with respect to a program carried out with funds reserved by the state (see State OJT policy); or 2. The WDB approves the increase with respect to a program carried out with funds allocated to a LWDA (WIOA Section 134(c)(3)(H)(i)).
B50: Employer’s Agreement To Maintain And Make Available Accurate And Complete Time And Attendance, Payroll And Other Records To Support Amounts Claimed By The Employer For Reimbursement Under The Contract – The employer must preserve all trainee payroll, fringe benefit, and personnel records (including time and attendance sheets normally kept by the employer for employees) for three years from the close of the applicable program year or longer if any litigation or audit has begun or any claim is instituted which involves these records. In that case, the employer shall retain the records beyond the three year period until the litigation, audit findings or claim has been resolved.
B51: Mandated written assurances- OJT contracts must include several standard assurances that are designed to acknowledge a contractor's responsibilities in accepting public funds for training.
B52: At the end of the training period, the employer intends to retain the trainee in the occupation and compensate the trainee for at least the hourly wage rate specified in the contract agreement.
B53: Individuals in on-the-job training must be provided benefits and working conditions at the same level and to the same extent as other trainees or employees working a similar length of time and doing the same type of work. (WIOA Sec. 181(b)(5))
B54: The employer will provide worker’s compensation coverage for the trainee and abide by health and safety standards established under State and Federal law. (WIOA Section 181(b)(4))
B55: The employer will provide worker’s compensation coverage for the trainee and abide by health and safety standards established under State and Federal law. (WIOA Section 181(b)(4))
B56: The employer will not discriminate against any trainee on the basis of race, color, religion, sex, national origin, age, disability, political affiliation or belief, and against beneficiaries on the basis of either citizenship/status as a lawfully admitted immigrant authorized to work in the United States or participation in any Workforce Investment Act Title I- financially assisted program or activity. (WIOA Section 188(a)(1), State WIOA Policy)
B57: The employer certifies that neither it nor its principals are presently debarred, suspended, proposed for debarment, declared ineligible, or voluntarily excluded from participation in this contract by any Federal department or agency.
... B67: Finding: Concern:
B74: Area | E74: Reference | I74: Review Materials
B75: Eligibility for Training Services | E75: WIOA Sec. 134(c)(3); 20CFR §680 .210, .350; .420, .600-610, .650- 660; State policies | I75: Participant files- determination of need for training services, local plan, written policies and procedures
B76: Individual Training Account (ITA) | E76: 20 CFR§680.100(b)(2), 300-.350, .750 | I76: Policies and procedures, local plan, participant files
B77: Contract | E77: WIOA 134(d)(3)(G), 20 CFR 680.320 | I77: Policies and procedures, local plan, contracts, skills needed, time to complete training and wages, interviews with service provider, participant or employer when determined appropriate
B78: Training Outline | E78: 20 CFR § 680.720, State WIOA Policy | I78: Assessments, job descriptions, O’Net, training document
B79: Performance | E79: WIOA Section 122(h)(2); 20 CFR § 680.530, State WIOA Policy. | I79: Submitted Information, written policy, ETPL list or other means of dissemination.
B80: Reimbursement | E80: 20 CFR § 680.720(b), § 680.730, § 680.760, § 680.800, § 680.830-840, Uniform Administrative Requirements, State WIOA Policies. | I80: Participant files, reimbursement request, contracts/agreements, documentation of employer expenditures, interviews with service provider, participant or employer when determined appropriate
B81: Oversight | E81: 20 CFR § 683.410; WIOA sec. 188; 29 CFR§38; State WIOA Policy | I81: Participant files, project file, monitoring records to include evaluation of selection patterns
B82: ETPL | E82: 20 CFR § 680.530(d); State WIOA Policy | I82: ETPL list, Application documents, VaWC records, observation
B83: Record maintenance | E83: WIOA Sec. 185(a); 2CFR§200.333; 20CFR §683.150; State WIOA | I83: Written procedures/policies. Availability of records, Interview with administrative entity

Sheet OJT
B2: Work-Based Training
B4: Work-Based Training: Work-based training activities (20CFR§680.700-.840) include On- the-Job Training, Customized Training and Incumbent Worker Training provided to Adult and Dislocated Workers. Work-Based Training may be included in the Adult/Dislocated Worker Participant Review or conducted as a separate review when sufficient numbers are present in VaWC reports for activities occurring in the period of review.
B7: Documentation reviewed:
B8: Local policies and procedures on Incumbent Worker training, Incumbent Worker Training, and Customized Training
B9: Participating Employer files (including applications and supporting documentation)
B10: VaWC records
B11: Sample of participant files
B13: Review Process:
B14: A. Obtain a copy of the current related policies and procedures and review to ensure that the local area is following their policies during implementation.
B15: B. Determine if the local area is providing one or more of these services. Select a sample of two-three employers for each type of training service provided and complete the checklists below.
B16: C. Select a sample of participants from the employers reviewed and review their VaWC record to ensure it is accurately entered into the VaWC.
B18: On-the-Job Training: OJT contracts shall be procured in accordance with all federal, state and local procurement policies and at a minimum shall contain or address the following information: occupation for which training is to be provided; length of time the training will be provided for based on skill gap assessment for not more than six months or 140 hours of work; wage rate to be paid to participant; reimbursement for OJT Training; training outline listing work skills to be learned in the position; other classroom training; employers agreement to maintain records and make available.
B21: OJT | Q21: Identify the employers selected for review
B22: Note: Enter yes, no, n/a related to each review criteria and provide necessary comments.
B23: Questions | H23: Status | J23: Comments
B24: The LWDA has policies and procedures in place on the implementation of OJT. The policy/procedures describe employer and participant eligibility (including employed workers), length of contracts, reimbursement rates, restriction on funds, etc.
B25: Employers have met the following criteria: **Have the personnel to provide adequate supervision and training: **Provide a minimum of 50% of the employee's wage throughout the training: **Provide benefits and working conditions at the same level and to the same extent as other trainees or employees working a similar length of time and doing the same type of work: **Not have a history or pattern of failing to provide OJT participants with continued long-term employment with wages, benefits, and working conditions that are equal to those provided to regular employees working a similar length of time and doing the same type of work; **Not have relocated from any location in the US within 120 days, if the relocation resulted in employees losing their job at the original location; **Not using OJT assignments to displace regular employees, or to replace any employee on layoff.
B27: Participants have met the following criteria: **Have met WIOA program eligibility criteria and are enrolled participants. **Have received an objective assessment and have a documented plan indicating the individual is in need of and can benefit from an OJT. **Have not been hired by the OJT employer.
B28: OJTs for Employed Workers- WIOA funds may be used to support employed workers if the following conditions are met: **The employee is not earning a self-sufficient wage as determined by LWDB policy. **The OJT relates to the introduction of new technologies, new production or service procedures, or a new job that requires additional literacy and numeracy or occupational and technical skills. **The OJT is provided through a contract with an employer or registered apprenticeship program sponsor.
B30: OJTs are directly related to an in-demand industry or occupation in the LWDA, or in another region to which participants are willing to relocate?
B31: Contract Worksheet | Q31: Identify the employers selected for review
B32: Note: Use "Status" column to note the appropriate response (yes, no, n/a) related to each review criteria and provide necessary comments.
B33: Questions | H33: Status | J33: Comments
B34: Length Of Time The Training Will Be Provided – The length of OJT/CT/IWT training contract is limited to the amount of time required for the individual to become proficient in the occupation for which training is provided. Consideration is given to the skill requirements of the occupation, the academic and occupational skill level of the participant, prior work experience, and the participant's individual employment plan. 20 CFR§680.700)(c)). Steps for determining duration must be documented in the local policies or plans. (WIOA Section 108(b)(4)(B))
B35: Training Outline/Plan- Listing Work Skills To Be Learned In the Position – A comprehensive list of work skills the trainee will learn during the contract period is a required part of the contract. Efforts should be made to develop programs which contribute to occupational development, upward mobility, development of new careers, and opportunities for nontraditional employment.
B36: Other Classroom Training – An outline of any other separate classroom training may be provided by the employer.
B37: OJT payments to employers– The contract should include the rate of wage reimbursement to be provided and payment terms. Typically, the reimbursement rate may be up to 50 percent of extraordinary costs (20 CFR §680.730). The Governor or WDB may increase the amount of the reimbursement from 50 percent up to 75 percent of the wage rate of a participant for a program if: 1. The Governor approves the increase with respect to a program carried out with funds reserved by the state (see State OJT policy); or 2. The WDB approves the increase with respect to a program carried out with funds allocated to a LWDA (WIOA Section 134(c)(3)(H)(i)).
B38: Employer’s Agreement To Maintain And Make Available Accurate And Complete Time And Attendance, Payroll And Other Records To Support Amounts Claimed By The Employer For Reimbursement Under The Contract – The employer must preserve all trainee payroll, fringe benefit, and personnel records (including time and attendance sheets normally kept by the employer for employees) for three years from the close of the applicable program year or longer if any litigation or audit has begun or any claim is instituted which involves these records. In that case, the employer shall retain the records beyond the three year period until the litigation, audit findings or claim has been resolved.
B39: Mandated written assurances- OJT contracts must include several standard assurances that are designed to acknowledge a contractor's responsibilities in accepting public funds for training.
B40: At the end of the training period, the employer intends to retain the trainee in the occupation and compensate the trainee for at least the hourly wage rate specified in the contract agreement.
B41: Individuals in on-the-job training must be provided benefits and working conditions at the same level and to the same extent as other trainees or employees working a similar length of time and doing the same type of work. (WIOA Sec. 181(b)(5))
B42: The employer will provide worker’s compensation coverage for the trainee and abide by health and safety standards established under State and Federal law. (WIOA Section 181(b)(4))
B43: The employer will provide worker’s compensation coverage for the trainee and abide by health and safety standards established under State and Federal law. (WIOA Section 181(b)(4))
B44: The employer will not discriminate against any trainee on the basis of race, color, religion, sex, national origin, age, disability, political affiliation or belief, and against beneficiaries on the basis of either citizenship/status as a lawfully admitted immigrant authorized to work in the United States or participation in any Workforce Investment Act Title I- financially assisted program or activity. (WIOA Section 188(a)(1), State WIOA Policy)
B45: The employer certifies that neither it nor its principals are presently debarred, suspended, proposed for debarment, declared ineligible, or voluntarily excluded from participation in this contract by any Federal department or agency.
... B53: Incumbent Training: The WDA may reserve up to 20 percent of their combined total of adult and dislocated worker allocations for incumbent worker training designed to meet the special requirements of an employer (including a group of employers) to retain a skilled workforce or avert the need to lay off employees by assisting the workers in obtaining the skills necessary to retain employment. Conducted with a commitment by the employer to retain or avert the layoffs of the incumbent worker(s) trained. Employers participating in incumbent worker training are required to pay the non-Federal share of the cost of providing training to their incumbent workers. Customized Training: Customized training is described as an activity designed to provide LWDAs with flexibility to ensure that training meets the unique needs of the job seekers and employers or groups of employers; that is conducted with a commitment by the employer to employ an individual upon successful completion of the training and for which the employer pays for a significant portion of the training cost as determined by the LWDB.
B61: Incumbent Worker / Customized Training | Q61: Identify the employers selected for review
B62: Note: Use "Status" column to note the appropriate response (yes, no, n/a) related to each review criteria and provide necessary comments.
B63: Questions | H63: Status | J63: Comments
B64: The LWDA has policies and procedures in place on the implementation of IWT. The policy/procedures describe employer and participant eligibility (including employed workers), length of contracts, reimbursement rates, restriction on funds, etc.
B65: Employers have met the following eligibility criteria: **Have been in operation in Virginia for a minimum of one year prior to the application for funding; and have not relocated from another location resulting in layoffs in 120 days preceding the application. **Must be up-to-date on state and local tax obligations; **Must be able to identify with one of the target industries identified by the local area or provide justification for funding if unable to identify with one of these industries. **training must result in an industry recognized credential when applicable.
B66: Employees have met the following eligibility criteria: **Be at least 18 or older; **Be a citizen of the US or non-citizen whose status permits employment in the US; **Be registered with the selective service; **Have been employed with the employer for at least 6 months and meets the Fair-Labor Standards Act; and **Be an individual who works at a facility in Virginia or works for a staffing agency and is placed in a Virginia facility.
B67: Participating employers are required to pay for the non-Federal share of the cost of providing the training to their employees. The non- Federal share shall not be less than: **10% of the cost, for employers with 50 or fewer employees; **25% of the cost, for employers with more than 50 employees, but not more than 100 employees; and **50% of the cost, for employers with more than 100 employees.
B68: The local area policy outlines appropriate and inappropriate costs for reimbursement. IWT funds are NOT to be spent on: **costs incurred prior to application approval; **construction or purchase of facilities or building; **business relocation expenses; **training in sectarian activities; **lobbying activities; **direct employee wages (can be contributed toward in-kind non-Federal share)
B69: Employer File Documentation | H69: Status | J69: Comments
B70: Signed IWT employer application and contract are kept on file. (An employer file should be kept by the local area with this information inside).
B71: A list of employees participating or likely to participate in the training .
B72: Training plan if separate from contract.
B73: Documentation of payment of the employer's share of training cost is kept on file. ( Employer share may include wages paid during training period )
B74: Employer and employee eligibility documentation is kept on file. ** Employees who participate in IWT only must meet general eligibility criteria. If they are co-enrolled, they must meet complete WIOA eligibility
B75: A copy of the employer's payment made to the training vendor and a completed reimbursement request form.
B76: A signed form indicating that the employer has been made aware of the LWDA's EO and Grievance Policy.
B77: All documentation regarding IWT complaints and actions taken to resolve those complaints.
B78: Documentation of credentials earned.
B79: Contract Worksheet
B80: Note: Use "Status" column to note the appropriate response (yes, no, n/a) related to each review criteria and provide necessary comments.
B81: Questions | H81: Status | J81: Comments
B82: Occupation(s) For Which Training Is To Be Provided – Training will be provided only for those occupations for which there is a demand in the area served, or in another area to which the trainee is willing to relocate. (WIOA Section 134(c)(3)(G)(iii))
B83: Length Of Time The Training Will Be Provided – The length of training contract is limited to the amount of time required for the individual to become proficient in the occupation for which training is provided. Consideration is given to the skill requirements of the occupation, the academic and occupational skill level of the participant, prior work experience, and the participant's individual employment plan. 20 CFR§680.700)(c)). Steps for determining duration must be documented in the local policies or plans. (WIOA Section 108(b)(4)(B))
B84: Training Outline/Plan and expected outcomes Listing Work Skills To Be Learned In the Position – A comprehensive list of work skills the trainee(s) will learn during the contract period is a required part of the contract. Information on the skills to be learned and expected credentials to be attained.
B85: Reimbursement to employers– The contract should clearly outline the Non-Federal share the employer is responsible for and requirements for reimbursement of remaining portion. Payment should not be made directly to training providers.
B86: Assurance that at the end of the training period, the employer intends to retain the trainee in the occupation and compensate the trainee for at least the hourly wage rate specified in the contract agreement.
B89: Work -Based Training Review - Findings and Concerns
B90: Finding: Concern:
B96: Area | E96: Reference | I96: Review Materials
B97: Eligibility for Training Services | E97: WIOA sec. 3(5), (36) & (44), 134(c)(3)(E) & (G)(ii), sec. 194 (1) ; 20CFR § 680.210 | I97: Participant files, local plan, written policies and procedures
B98: OJT | E98: WIOA sec. 3(44), sec. 108(b)(4)(B ), sec. 134(c)(3)(E), (G) & (H), sec. 181(a),(b) & (d)(2); 20CFR §680.830-840; §683.255- 285,.730; NE Statute; Statute §48-1203, §4-108-114; YOUTH ONLY: 20CFR §681.600(b)(4) | I98: Project and participant records, local plan, written policies, contracts, employer evaluation, follow up, employer records when amount to be paid by employer is not documented during local oversight activities, employer records when amount paid by employer is not documenting during evaluation or local oversight activities. Interviews with service provider, participant or employer when determined appropriate
B99: Incumbent Worker | E99: WIOA sec. 134 (c)(3)(D) & (d)(4), 20CFR §680.700-730, §680.780-.700, .820-.840; §680.790; State WIOA Policies | I99: Project and participant files, local plan, local policies, contracts, employer evaluation, follow up, employer records when amount to be paid by employer is not documented during local oversight activities, employer records when amount paid by employer is not documenting during evaluation or local oversight activities, interviews with service provider, participant or employer when determined appropriate
B100: Customized | E100: WIOA sec. 3(14), 20 CFR §680.760- 780, .830-840; State WIOA Policies | I100: Project and participant files, written policies, contracts, employer evaluation, follow up, employer records when amount to be paid by employer is not documented during local oversight activities
B101: Employer Eligibility | E101: 20 CFR §680.700, .770, .810, State WIOA Policies | I101: Project records, Employer records as necessary
B102: Pre-award | E102: WIOA sec. 194(4), 29CFR §38; 20CFR §683.260 | I102: Written policies, participant records, preaward documents, outside information(i.e. www.Sam.gov)
B103: Contract | E103: WIOA sec. 108(b)(4)(B), sec. 134(c)(3)(f) & (G)(iii, sec. 181(a)(1), (b), (d)(1) & (2), sec. 188, sec. 194(4) & (6) , 41 U.S.C. § 8102, 40 U.S.C. §3142, 2 CFR §200.310, .318-336,.439, Appendix II to 2 CFR Part 200 ; 2 CFR §2900.13; 20 CFR §680.700-720; §683.270; 37 CFR§401.2(a); State WIOA Policy | I103: Policies and procedures, local plan, contracts, Labor Market Information, determination of percentage, skills needed, time to complete training and wages, interviews with service provider, participant or employer when determined appropriate
B104: Training Outline | E104: 20 CFR § 680.720, State WIOA Policy | I104: Assessments, job descriptions, O’Net, training document
B105: Performance | E105: WIOA Section 122(h)(2); 20 CFR § 680.530, State WIOA Policy. | I105: Submitted Information, written policy, ETPL list or other means of dissemination.
B106: Reimbursement | E106: 20 CFR § 680.720(b), § 680.730, § 680.760, § 680.800, § 680.830-840, Uniform Administrative Requirements, State WIOA Policies. | I106: Participant files, reimbursement request, contracts/agreements, documentation of employer expenditures, interviews with service provider, participant or employer when determined appropriate
B107: Oversight | E107: 20 CFR § 683.410; WIOA sec. 188; 29 CFR§38; State WIOA Policy | I107: Participant files, project file, monitoring records to include evaluation of selection patterns
B108: Record maintenance | E108: WIOA Sec. 185(a); 2CFR§200.333; 20CFR §683.150; State WIOA | I108: Written procedures/policies. Availability of records, Interview with administrative entity

Sheet RPT
A1: 2016-2017 WIOA Programmatic Report Page Formula Youth | H1: 2016-2017 WOIA Programmatic Report Page Formula Adult and Dislocated Worker | O1: 2016-2017 WOIA Programmatic Report Page Formula Adult and Dislocated Worker
A3: PROGRAM ELIGIBILITY | H3: PROGRAM ELIGIBILITY | O3: MEASURABLE SKILLS GAIN
C5: OSY | D5: ISY | E5: Total | J5: Adult | K5: DW | L5: Total | Q5: Adult | R5: DW | S5: N/A | T5: Total
A6: 1 | B6: Indicate whether the youth is an Out-of-School Youth (OSY) or an In-School Youth (ISY). | C6: =COUNTIF(Youth!D7:R7,"OSY") -> 0 | D6: =COUNTIF(Youth!D7:R7,"ISY") -> 0 | E6: =C6+D6 -> 0 | H6: 1 | I6: Indicate whether the participant is an Adult (A) or Dislocated Worker (DW). | J6: =COUNTIF('Adult-DW'!D7:R7,"AD") -> 0 | K6: =COUNTIF('Adult-DW'!D7:R7,"DW") -> 0 | L6: =J6+K6 -> 0 | O6: 66 | P6: During the program year, was the participant in an education or training program that led to a recognized post secondary credential or employment and achieved measureable skill gains, defined as documented academic, technical, occupational, or other forms of progress, towards such a credential or employment? | Q6: =COUNTIF('Adult-DW'!D102:R102,"Y") -> 0 | R6: =COUNTIF('Adult-DW'!D102:R102,"N") -> 0 | S6: =COUNTIF('Adult-DW'!D102:R102,"N/A") -> 0 | T6: =R6+S6 -> 0
B7: Percent | C7: =IF(($C6+$D6)>0,C6/($C6+$D6),0) -> 0 | D7: =IF(($C6+$D6)>0,D6/($C6+$D6),0) -> 0 | I7: Percent | J7: =IF(($J6+$K6)>0,J6/($J6+$K6),0) -> 0 | K7: =IF(($J6+$K6)>0,K6/($J6+$K6),0) -> 0 | P7: Percent | Q7: =IF(($Q6+$R6)>0,Q6/($Q6+$R6),0) -> 0 | R7: =IF(($Q6+$R6)>0,R6/($Q6+$R6),0) -> 0 | S7: =IF(($Q6+$R6)>0,S6/($Q6+$R6),0) -> 0
C10: Yes | D10: No | E10: Total | J10: Yes | K10: No | L10: Total | Q10: Yes | R10: No | S10: N/A | T10: Total
A11: 2 | B11: Does the WIOA programs (case file) application date match the application date entered into the VaWC? (Y,N) | C11: =COUNTIF(Youth!D8:R8,"Y") -> 0 | D11: =COUNTIF(Youth!D8:R8,"N") -> 0 | E11: =C11+D11 -> 0 | H11: 2 | I11: Does the WIOA programs (case file) application date match the application date entered into the VaWC? (Y,N) | J11: =COUNTIF('Adult-DW'!D8:R8,"Y") -> 0 | K11: =COUNTIF('Adult-DW'!D8:R8,"N") -> 0 | L11: 0 | O11: 67 | P11: Were the measureable gains accurately entered in the VaWC Measureable Skills Gain Link? (Y,N, N/A). | Q11: =COUNTIF('Adult-DW'!D103:R103,"Y") -> 0 | R11: =COUNTIF('Adult-DW'!D103:R103,"N") -> 0 | S11: =COUNTIF('Adult-DW'!D103:R103,"N/A") -> 0 | T11: =R11+S11 -> 0
B12: Percent | C12: =IF(($C11+$D11)>0,C11/($C11+$D11),0) -> 0 | D12: =IF(($C11+$D11)>0,D11/($C11+$D11),0) -> 0 | I12: Percent | J12: =IF(($J11+$K11)>0,J11/($J11+$K11),0) -> 0 | K12: =IF(($J11+$K11)>0,K11/($J11+$K11),0) -> 0 | P12: Percent | Q12: =IF(($Q11+$R11)>0,Q11/($Q11+$R11),0) -> 0 | R12: =IF(($Q11+$R11)>0,R11/($Q11+$R11),0) -> 0 | S12: =IF(($Q11+$R11)>0,S11/($Q11+$R11),0) -> 0
C15: Yes | D15: No | E15: N/A | F15: Total | J15: Yes | K15: No | L15: N/A | M15: Total | Q15: Yes | R15: No | S15: N/A | T15: Total
A16: 3 | B16: Was documentation in the case file to verify school status? (Y, N, N/A) Applicable if participant enrolled on or after 7/1/2015. | C16: =COUNTIF(Youth!D9:R9,"Y") -> 0 | D16: =COUNTIF(Youth!D9:R9,"N") -> 0 | E16: =COUNTIF(Youth!D9:R9,"N/A") -> 0 | F16: =D16+E16 -> 0 | H16: 3 | I16: If a Dislocated Worker, did the case file contain documentation of lay-off, termination, plant closure, recently separated veteran or spouse of a recently separated veteran, spouse of a veteran on active duty or other eligible Dislocated Worker criteria? (Y, N, X) (Note: X=Participant was not a Dislocated Worker). | J16: =COUNTIF('Adult-DW'!D9:R9,"Y") -> 0 | K16: =COUNTIF('Adult-DW'!D9:R9,"N") -> 0 | L16: =COUNTIF('Adult-DW'!D9:R9,"N/A") -> 0 | M16: =K16+L16 -> 0 | O16: 68 | P16: Were the assessment results or Measureable Skills Gain results maintained in the participant's hard copy case file for each applicable program year? (Y,N, N/A). | Q16: =COUNTIF('Adult-DW'!D104:R104,"Y") -> 0 | R16: =COUNTIF('Adult-DW'!D104:R104,"N") -> 0 | S16: =COUNTIF('Adult-DW'!D104:R104,"N/A") -> 0 | T16: =R16+S16 -> 0
B17: Percent | C17: =IF(($C16+$D16)>0,C16/($C16+$D16),0) -> 0 | D17: =IF(($C16+$D16)>0,D16/($C16+$D16),0) -> 0 | E17: =IF(($C14+$D14)>0,E14/($C14+$D14),0) -> 0 | I17: Percent | J17: =IF(($J16+$K16)>0,J16/($J16+$K16),0) -> 0 | K17: =IF(($J16+$K16)>0,K16/($J16+$K16),0) -> 0 | L17: =IF(($Q16+$R16)>0,L16/($Q16+$R16),0) -> 0 | P17: Percent | Q17: =IF(($Q16+$R16)>0,Q16/($Q16+$R16),0) -> 0 | R17: =IF(($Q16+$R16)>0,R16/($Q16+$R16),0) -> 0 | S17: =IF(($Q16+$R16)>0,S16/($Q16+$R16),0) -> 0
O19: CREDENTIAL ATTAINMENT
C20: Yes | D20: No | E20: N/A | F20: Total | J20: Yes | K20: No | L20: N/A | M20: Total | Q20: Yes | R20: No | S20: N/A | T20: Total
A21: 4 | B21: Was documentation in the case file that the youth was determined eligible based on the total family income calculation, receipt of cash assistance, Supplemental Social Security Income, Social Security Disability Insurance, Food Stamps, or was disabled, living in a high poverty rate area, receives or is eligible for free or reduced lunch, a homeless/runaway or a foster child? (Y, N, N/A) ) Note: Low income determination is not required if the participant is an OSY and meets one or more of the barriers listed in WIOA Sec. 129 (a)(1)(B) . | C21: =COUNTIF(Youth!D10:R10,"Y") -> 0 | D21: =COUNTIF(Youth!D10:R10,"N") -> 0 | E21: =COUNTIF(Youth!D10:R10,"N/A") -> 0 | F21: =D21+E21 -> 0 | H21: 4 | I21: Was documentation in the case file that the participant was 18 years of age or older at registration? (Y, N). (Note: If DW, participant does not have to be 18; however, determination of age must be documented). | J21: =COUNTIF('Adult-DW'!D10:R10,"Y") -> 0 | K21: =COUNTIF('Adult-DW'!D10:R10,"N") -> 0 | L21: =COUNTIF('Adult-DW'!D10:R10,"N/A") -> 0 | M21: =K21+L21 -> 0 | O21: 69 | P21: Was a credential attainment entered in VaWC? (Y, N, N/A). (Note: N/A = Participant did not receive a credential). (If N/A, questions 70-71 will be N/A). | Q21: =COUNTIF('Adult-DW'!D107:R107,"Y") -> 0 | R21: =COUNTIF('Adult-DW'!D107:R107,"N") -> 0 | S21: =COUNTIF('Adult-DW'!D107:R107,"N/A") -> 0 | T21: =R21+S21 -> 0
B22: Percent | C22: =IF(($C21+$D21)>0,C21/($C21+$D21),0) -> 0 | D22: =IF(($C21+$D21)>0,D21/($C21+$D21),0) -> 0 | E22: =IF(($C19+$D19)>0,E19/($C19+$D19),0) -> 0 | I22: Percent | J22: =IF(($J21+$K21)>0,J21/($J21+$K21),0) -> 0 | K22: =IF(($J21+$K21)>0,K21/($J21+$K21),0) -> 0 | L22: =IF(($Q21+$R21)>0,L21/($Q21+$R21),0) -> 0 | P22: Percent | Q22: =IF(($Q21+$R21)>0,Q21/($Q21+$R21),0) -> 0 | R22: =IF(($Q21+$R21)>0,R21/($Q21+$R21),0) -> 0 | S22: =IF(($Q21+$R21)>0,S21/($Q21+$R21),0) -> 0
C25: Yes | D25: No | E25: N/A | F25: Total | J25: Yes | K25: No | L25: N/A | M25: Total | Q25: Yes | R25: No | S25: N/A | T25: Total
A26: 5 | B26: Was the participant determined eligible under the 5% income exception criteria and was documentation in the case file to support this program eligibility? (Y, N, N/A). | C26: =COUNTIF(Youth!D11:R11,"Y") -> 0 | D26: =COUNTIF(Youth!D11:R11,"N") -> 0 | E26: =COUNTIF(Youth!D11:R11,"N/A") -> 0 | F26: =C26+D26+E26 -> 0 | H26: 5 | I26: Was documentation in the case file of U.S. citizenship or authorization to work in the U.S.? (Y, N). | J26: =COUNTIF('Adult-DW'!D11:R11,"Y") -> 0 | K26: =COUNTIF('Adult-DW'!D11:R11,"N") -> 0 | L26: =COUNTIF('Adult-DW'!D11:R11,"N/A") -> 0 | M26: =J26+K26+L26 -> 0 | O26: 70 | P26: If yes, was documentation in the participant's case file to support the credential? (Y, N, N/A) (Note: N/A = no credential entered in VaWC). | Q26: =COUNTIF('Adult-DW'!D108:R108,"Y") -> 0 | R26: =COUNTIF('Adult-DW'!D108:R108,"N") -> 0 | S26: =COUNTIF('Adult-DW'!D108:R108,"N/A") -> 0 | T26: =Q26+R26+S26 -> 0
B27: Percent | C27: =IF(($C26+$D26)>0,C26/($C26+$D26),0) -> 0 | D27: =IF(($C26+$D26)>0,D26/($C26+$D26),0) -> 0 | E27: =IF(($C24+$D24)>0,E24/($C24+$D24),0) -> 0 | I27: Percent | J27: =IF(($J26+$K26)>0,J26/($J26+$K26),0) -> 0 | K27: =IF(($J26+$K26)>0,K26/($J26+$K26),0) -> 0 | L27: =IF(($Q26+$R26)>0,L26/($Q26+$R26),0) -> 0 | P27: Percent | Q27: =IF(($Q26+$R26)>0,Q26/($Q26+$R26),0) -> 0 | R27: =IF(($Q26+$R26)>0,R26/($Q26+$R26),0) -> 0 | S27: =IF(($Q26+$R26)>0,S26/($Q26+$R26),0) -> 0
C30: Yes | D30: No | E30: N/A | F30: Total | J30: Yes | K30: No | L30: N/A | M30: Total | Q30: Yes | R30: No | S30: N/A | T30: Total
A31: 6 | B31: Was documentation of age in the case file? (Y, N). (Note: In-School youth must be 14-21 and Out-Of-School youth must be 16-24 years of age). | C31: =COUNTIF(Youth!D12:R12,"Y") -> 0 | D31: =COUNTIF(Youth!D12:R12,"N") -> 0 | E31: =COUNTIF(Youth!D12:R12,"N/A") -> 0 | F31: =C31+D31+E31 -> 0 | H31: 6 | I31: Was selective service verification documentation in the case file at the time of registration or during participation? (Y, N, N/A) (Applicable to males born after 1960 who are over the age of 18 years at registration). | J31: =COUNTIF('Adult-DW'!D12:R12,"Y") -> 0 | K31: =COUNTIF('Adult-DW'!D12:R12,"N") -> 0 | L31: =COUNTIF('Adult-DW'!D12:R12,"N/A") -> 0 | M31: =J31+K31+L31 -> 0 | O31: 71 | P31: If yes, did the credential attainment date and type match the credential attainment information entered in the VaWC? (Y, N, N/A). | Q31: =COUNTIF('Adult-DW'!D109:R109,"Y") -> 0 | R31: =COUNTIF('Adult-DW'!D109:R109,"N") -> 0 | S31: =COUNTIF('Adult-DW'!D109:R109,"N/A") -> 0 | T31: =Q31+R31+S31 -> 0
B32: Percent | C32: =IF(($C31+$D31)>0,C31/($C31+$D31),0) -> 0 | D32: =IF(($C31+$D31)>0,D31/($C31+$D31),0) -> 0 | E32: =IF(($C29+$D29)>0,E29/($C29+$D29),0) -> 0 | I32: Percent | J32: =IF(($J31+$K31)>0,J31/($J31+$K31),0) -> 0 | K32: =IF(($J31+$K31)>0,K31/($J31+$K31),0) -> 0 | L32: =IF(($Q31+$R31)>0,L31/($Q31+$R31),0) -> 0 | P32: Percent | Q32: =IF(($Q31+$R31)>0,Q31/($Q31+$R31),0) -> 0 | R32: =IF(($Q31+$R31)>0,R31/($Q31+$R31),0) -> 0 | S32: =IF(($Q31+$R31)>0,S31/($Q31+$R31),0) -> 0
H34: Priority Population | O34: FOLLOW-UP SERVICES
C35: Yes | D35: No | E35: N/A | F35: Total | J35: Yes | K35: No | L35: N/A | M35: Total | Q35: Yes | R35: No | S35: N/A | T35: Total
A36: 7 | B36: Was documentation in the case file of U.S. citizenship or authorization to work in the U.S.? (Y, N). | C36: =COUNTIF(Youth!D13:R13,"Y") -> 0 | D36: =COUNTIF(Youth!D13:R13,"N") -> 0 | E36: =COUNTIF(Youth!D13:R13,"N/A") -> 0 | F36: =C36+D36+E36 -> 0 | H36: 7 | I36: Indicate whether the participant is meeting a barrier to employment. | J36: =COUNTIF('Adult-DW'!D15:R15,"Y") -> 0 | K36: =COUNTIF('Adult-DW'!D15:R15,"N") -> 0 | L36: =COUNTIF('Adult-DW'!D15:R15,"N/A") -> 0 | M36: =J36+K36+L36 -> 0 | O36: 72 | P36: Was follow-up services offered after the participant entered employment? (Y, N, N/A). If N/A then 67-69 will be N/A). | Q36: =COUNTIF('Adult-DW'!D112:R112,"Y") -> 0 | R36: =COUNTIF('Adult-DW'!D112:R112,"N") -> 0 | S36: =COUNTIF('Adult-DW'!D112:R112,"N/A") -> 0 | T36: =Q36+R36+S36 -> 0
B37: Percent | C37: =IF(($C36+$D36)>0,C36/($C36+$D36),0) -> 0 | D37: =IF(($C36+$D36)>0,D36/($C36+$D36),0) -> 0 | E37: =IF(($C34+$D34)>0,E34/($C34+$D34),0) -> 0 | I37: Percent | J37: =IF(($J36+$K36)>0,J36/($J36+$K36),0) -> 0 | K37: =IF(($J36+$K36)>0,K36/($J36+$K36),0) -> 0 | L37: =IF(($Q36+$R36)>0,L36/($Q36+$R36),0) -> 0 | P37: Percent | Q37: =IF(($Q36+$R36)>0,Q36/($Q36+$R36),0) -> 0 | R37: =IF(($Q36+$R36)>0,R36/($Q36+$R36),0) -> 0 | S37: =IF(($Q36+$R36)>0,S36/($Q36+$R36),0) -> 0
C40: Yes | D40: No | E40: N/A | F40: Total | J40: Yes | K40: No | L40: N/A | M40: Total | Q40: Yes | R40: No | S40: N/A | T40: Total
A41: 8 | B41: Was selective service verification documentation in the case file at the time of registration or during participation? (Y, N, N/A) (Applicable to males over the age of 18 years at registration). | C41: =COUNTIF(Youth!D14:R14,"Y") -> 0 | D41: =COUNTIF(Youth!D14:R14,"N") -> 0 | E41: =COUNTIF(Youth!D14:R14,"N/A") -> 0 | F41: =C41+D41+E41 -> 0 | H41: 8 | I41: Does the VaWC application capture the barrier? | J41: =COUNTIF('Adult-DW'!D16:R16,"Y") -> 0 | K41: =COUNTIF('Adult-DW'!D16:R16,"N") -> 0 | L41: =COUNTIF('Adult-DW'!D16:R16,"N/A") -> 0 | M41: =J41+K41+L41 -> 0 | O41: 73 | P41: If yes to 72, was a follow-up service entered in the VaWC? (Y, N, N/A) (Note: N/A = Participant's case is currently open, there is a case closure but participant has not exited the program, the participant declines to receive follow-up services or the participant cannot be located). | Q41: =COUNTIF('Adult-DW'!D113:R113,"Y") -> 0 | R41: =COUNTIF('Adult-DW'!D113:R113,"N") -> 0 | S41: =COUNTIF('Adult-DW'!D113:R113,"N/A") -> 0 | T41: =Q41+R41+S41 -> 0
B42: Percent | C42: =IF(($C41+$D41)>0,C41/($C41+$D41),0) -> 0 | D42: =IF(($C41+$D41)>0,D41/($C41+$D41),0) -> 0 | E42: =IF(($C39+$D39)>0,E39/($C39+$D39),0) -> 0 | I42: Percent | J42: =IF(($J41+$K41)>0,J41/($J41+$K41),0) -> 0 | K42: =IF(($J41+$K41)>0,K41/($J41+$K41),0) -> 0 | L42: =IF(($Q41+$R41)>0,L41/($Q41+$R41),0) -> 0 | P42: Percent | Q42: =IF(($Q41+$R41)>0,Q41/($Q41+$R41),0) -> 0 | R42: =IF(($Q41+$R41)>0,R41/($Q41+$R41),0) -> 0 | S42: =IF(($Q41+$R41)>0,S41/($Q41+$R41),0) -> 0
H44: EMPLOYED AT PARTICIPATION- SELF SUFFICIENCY DETERMINATION
C45: Yes | D45: No | E45: N/A | F45: Total | J45: Yes | K45: No | L45: N/A | M45: Total | Q45: Yes | R45: No | S45: N/A | T45: Total
A46: 9 | B46: Was documentation in the case file to support the federal or local barrier(s) entered in the VaWC? (Y, N) (Note: A barrier is required for all youth). | C46: =COUNTIF(Youth!D15:R15,"Y") -> 0 | D46: =COUNTIF(Youth!D15:R15,"N") -> 0 | E46: =COUNTIF(Youth!D15:R15,"N/A") -> 0 | F46: =D46+E46 -> 0 | H46: 9 | I46: Was the participant an employed worker/incumbent worker at the time of registration? (Y, N). (If No, questions 10 and 11 will be N/A). | J46: =COUNTIF('Adult-DW'!D19:R19,"Y") -> 0 | K46: =COUNTIF('Adult-DW'!D19:R19,"N") -> 0 | L46: =COUNTIF('Adult-DW'!D19:R19,"N/A") -> 0 | M46: =J46+K46+L46 -> 0 | O46: 74 | P46: If yes to #72, was documentation in the case file of a determination of need for follow-up services? (Y,N, N/A) (Note: N/A= Participant did not receive follow-up services). | Q46: =COUNTIF('Adult-DW'!D114:R114,"Y") -> 0 | R46: =COUNTIF('Adult-DW'!D114:R114,"N") -> 0 | S46: =COUNTIF('Adult-DW'!D114:R114,"N/A") -> 0 | T46: =Q46+R46+S46 -> 0
B47: Percent | C47: =IF(($C46+$D46)>0,C46/($C46+$D46),0) -> 0 | D47: =IF(($C46+$D46)>0,D46/($C46+$D46),0) -> 0 | E47: =IF(($C44+$D44)>0,E44/($C44+$D44),0) -> 0 | I47: Percent | J47: =IF(($J46+$K46)>0,J46/($J46+$K46),0) -> 0 | K47: =IF(($J46+$K46)>0,K46/($J46+$K46),0) -> 0 | L47: =IF(($J46+$K46)>0,L46/($J46+$K46),0) -> 0 | P47: Percent | Q47: =IF(($Q46+$R46)>0,Q46/($Q46+$R46),0) -> 0 | R47: =IF(($Q46+$R46)>0,R46/($Q46+$R46),0) -> 0
C49: Yes | D49: No | E49: N/A | F49: Total | J49: Yes | K49: No | L49: N/A | M49: Total | Q49: Yes | R49: No | S49: N/A | T49: Total
A50: 10 | B50: If the 5% Limitation for Youth Requires Additional Assistance was used, was supporting documentation found in the case file? (Y,N,N/A). Make sure that documentation meets local policy criteria. | C50: =COUNTIF(Youth!D16:R16,"Y") -> 0 | D50: =COUNTIF(Youth!D16:S16,"N") -> 0 | E50: =COUNTIF(Youth!D16:R16,"N/A") -> 0 | F50: =D50+E50 -> 0 | H50: 10 | I50: If yes to #9, and the participant was not referred by an employer, is there documentation in the case file indicating that the participant was not earning a self-sufficient wage at the time of registration, was in need of training services to obtain or retain employment leading to "self-sufficiency", and was the participant in agreement with the training selection? (Y, N, N/A) | J50: =COUNTIF('Adult-DW'!D20:R20,"Y") -> 0 | K50: =COUNTIF('Adult-DW'!D20:R20,"N") -> 0 | L50: =COUNTIF('Adult-DW'!D20:R20,"N/A") -> 0 | M50: =K50+L50 -> 0 | O50: 75 | P50: If yes to #72, was documentation in the case file of the follow-up service provided to the participant? (Y, N, N/A) (Note: N/A = Participant did not receive follow-up services). | Q50: =COUNTIF('Adult-DW'!D115:R115,"Y") -> 0 | R50: =COUNTIF('Adult-DW'!D115:R115,"N") -> 0 | S50: =COUNTIF('Adult-DW'!D115:R115,"N/A") -> 0 | T50: =R50+S50 -> 0
B51: Percent | C51: =IF(($C50+$D50)>0,C50/($C50+$D50),0) -> 0 | D51: =IF(($C50+$D50)>0,D50/($C50+$D50),0) -> 0 | E51: =IF(($C48+$D48)>0,E48/($C48+$D48),0) -> 0 | I51: Percent | J51: =IF(($J50+$K50)>0,J50/($J50+$K50),0) -> 0 | K51: =IF(($J50+$K50)>0,K50/($J50+$K50),0) -> 0 | L51: =IF(($J50+$K50)>0,L50/($J50+$K50),0) -> 0 | P51: Percent | Q51: =IF(($Q50+$R50)>0,Q50/($Q50+$R50),0) -> 0 | R51: =IF(($Q50+$R50)>0,R50/($Q50+$R50),0) -> 0 | S51: =IF(($Q50+$R50)>0,S50/($Q50+$R50),0) -> 0
O52: PROGRAM EXIT/ PERFORMANCE ACCOUNTABILITY
C53: Yes | D53: No | E53: N/A | F53: Total | J53: Yes | K53: No | L53: N/A | M53: Total | Q53: Yes | R53: No | S53: N/A | T53: Total
A54: 11 | B54: If the applicant is under 18 years of age, or 18 years of age and older with a legal guardian due to disability, did the application include the signature of a parent or legal guardian or was there a self-attestation from a parent or legal guardian in the case file? (Y, N, N/A) (Note: N/A = the youth is 18 years of age or greater or an emancipated minor). | C54: =COUNTIF(Youth!D17:R17,"Y") -> 0 | D54: =COUNTIF(Youth!D17:R17,"N") -> 0 | E54: =COUNTIF(Youth!D17:R17,"N/A") -> 0 | F54: =D54+E54 -> 0 | H54: 11 | I54: If yes to #9, and the participant was referred by an employer, is there documentation in the case file from the employer indicating the participant was in need of WIOA training services in order to obtain or retain employment that leads to self-sufficiency or to avert layoffs as described in local policy? (Y, N, N/A) | J54: =COUNTIF('Adult-DW'!D21:R21,"Y") -> 0 | K54: =COUNTIF('Adult-DW'!D21:R21,"N") -> 0 | L54: =COUNTIF('Adult-DW'!D21:R21,"N/A") -> 0 | M54: =K54+L54 -> 0 | O54: 76 | P54: Was the participant exited in the VaWC? (Y, N) (N = Case is open or there is a WIOA case closure but no exit) (If No, questions 76 through 80 will be N/A). | Q54: =COUNTIF('Adult-DW'!D118:R118,"Y") -> 0 | R54: =COUNTIF('Adult-DW'!D118:R118,"N") -> 0 | S54: =COUNTIF('Adult-DW'!D118:R118,"N/A") -> 0 | T54: =R54+S54 -> 0
B55: Percent | C55: =IF(($C54+$D54)>0,C54/($C54+$D54),0) -> 0 | D55: =IF(($C54+$D54)>0,D54/($C54+$D54),0) -> 0 | E55: =IF(($C52+$D52)>0,E52/($C52+$D52),0) -> 0 | I55: Percent | J55: =IF(($J54+$K54)>0,J54/($J54+$K54),0) -> 0 | K55: =IF(($J54+$K54)>0,K54/($J54+$K54),0) -> 0 | L55: =IF(($J54+$K54)>0,L54/($J54+$K54),0) -> 0 | P55: Percent | Q55: =IF(($Q54+$R54)>0,Q54/($Q54+$R54),0) -> 0 | R55: =IF(($Q54+$R54)>0,R54/($Q54+$R54),0) -> 0 | S55: =IF(($Q54+$R54)>0,S54/($Q54+$R54),0) -> 0
A57: VETERANS | H57: VETERANS
C58: Yes | D58: No | E58: N/A | F58: Total | J58: Yes | K58: No | L58: N/A | M58: Total | Q58: Yes | R58: No | S58: N/A | T58: Total
A59: 12 | B59: If the participant was a veteran, did the file contain documentation to verify veteran status? (Y, N, X) (Note: X= Participant was not a veteran). | C59: =COUNTIF(Youth!D20:R20,"Y") -> 0 | D59: =COUNTIF(Youth!D20:R20,"N") -> 0 | E59: =COUNTIF(Youth!D20:R20,"N/A") -> 0 | F59: =D59+E59 -> 0 | H59: 12 | I59: If the participant was a veteran, did the file contain documentation to verify veteran status? (Y, N, X) (Note: X= Participant was not a veteran). | J59: =COUNTIF('Adult-DW'!D24:R24,"Y") -> 0 | K59: =COUNTIF('Adult-DW'!D24:R24,"N") -> 0 | L59: =COUNTIF('Adult-DW'!D24:R24,"N/A") -> 0 | M59: =K59+L59 -> 0 | O59: 77 | P59: If yes to #76, and the participant exited with unsubsidized employment, was the employment information accurately entered in the VaWC? (Y, N, N/A). (N/A = Participant did not exit with employment). | Q59: =COUNTIF('Adult-DW'!D119:R119,"Y") -> 0 | R59: =COUNTIF('Adult-DW'!D119:R119,"N") -> 0 | S59: =COUNTIF('Adult-DW'!D119:R119,"N/A") -> 0 | T59: =R59+S59 -> 0
B60: Percent | C60: =IF(($C59+$D59)>0,C59/($C59+$D59),0) -> 0 | D60: =IF(($C59+$D59)>0,D59/($C59+$D59),0) -> 0 | E60: =IF(($C57+$D57)>0,E57/($C57+$D57),0) -> 0 | I60: Percent | J60: =IF(($J59+$K59)>0,J59/($J59+$K59),0) -> 0 | K60: =IF(($J59+$K59)>0,K59/($J59+$K59),0) -> 0 | L60: =IF(($J59+$K59)>0,L59/($J59+$K59),0) -> 0 | P60: Percent | Q60: =IF(($Q59+$R59)>0,Q59/($Q59+$R59),0) -> 0 | R60: =IF(($Q59+$R59)>0,R59/($Q59+$R59),0) -> 0 | S60: =IF(($Q59+$R59)>0,S59/($Q59+$R59),0) -> 0
C63: Yes | D63: No | E63: N/A | F63: Total | J63: Yes | K63: No | L63: N/A | M63: Total | Q63: Yes | R63: No | S63: N/A | T63: Total
A64: 13 | B64: If the participant was an eligible spouse of a veteran, did the file contain documentation to verify eligible spouse of a veteran status?(Y, N, X) (Note: X= Participant was not an eligible spouse of a veteran). | C64: =COUNTIF(Youth!D21:R21,"Y") -> 0 | D64: =COUNTIF(Youth!D21:R21,"N") -> 0 | E64: =COUNTIF(Youth!D21:R21,"N/A") -> 0 | F64: =D64+E64 -> 0 | H64: 13 | I64: If the participant was an eligible spouse of a veteran, did the file contain documentation to verify eligible spouse of a veteran status?(Y, N,N/A (Note: X= Participant was not an eligible spouse of a veteran). | J64: =COUNTIF('Adult-DW'!D25:R25,"Y") -> 0 | K64: =COUNTIF('Adult-DW'!D25:R25,"N") -> 0 | L64: =COUNTIF('Adult-DW'!D25:R25,"N/A") -> 0 | M64: =K64+L64 -> 0 | O64: 78 | P64: Performance Measured: Did the individual complete at least one activity or benchmark that can be reported in one of the following performance measures? ▪ Measurable Skills Gain ▪ Credential Attainment ▪ Employment - 2nd Quarter After Exit ▪ Median Earnings - 2nd Quarter After Exit ▪ Employment - 4th Quarter After Exit | Q64: =COUNTIF('Adult-DW'!D120:R120,"Y") -> 0 | R64: =COUNTIF('Adult-DW'!D120:R120,"N") -> 0 | S64: =COUNTIF('Adult-DW'!D120:R120,"N/A") -> 0 | T64: =R64+S64 -> 0
B65: Percent | C65: =IF(($C64+$D64)>0,C64/($C64+$D64),0) -> 0 | D65: =IF(($C64+$D64)>0,D64/($C64+$D64),0) -> 0 | E65: =IF(($C62+$D62)>0,E62/($C62+$D62),0) -> 0 | I65: Percent | J65: =IF(($J64+$K64)>0,J64/($J64+$K64),0) -> 0 | K65: =IF(($J64+$K64)>0,K64/($J64+$K64),0) -> 0 | L65: =IF(($J64+$K64)>0,L64/($J64+$K64),0) -> 0 | P65: Percent | Q65: =IF(($Q64+$R64)>0,Q64/($Q64+$R64),0) -> 0 | R65: =IF(($Q64+$R64)>0,R64/($Q64+$R64),0) -> 0 | S65: =IF(($Q64+$R64)>0,S64/($Q64+$R64),0) -> 0
A67: FORMS | H67: FORMS
C68: Yes | D68: No | E68: N/A | F68: Total | J68: Yes | K68: No | L68: N/A | M68: Total | Q68: Yes | R68: No | S68: N/A | T68: Total
A69: 14 | B69: Was a signed and dated Grievance/Complaint and EEO/Discrimination Form in the participant's hard copy case file? (Y, N). | C69: =COUNTIF(Youth!D23:R23,"Y") -> 0 | D69: =COUNTIF(Youth!D23:R23,"N") -> 0 | E69: =COUNTIF(Youth!D23:R23,"N/A") -> 0 | F69: =D69+E69 -> 0 | H69: 14 | I69: If an Adult, was the participant receiving services under criteria described in the LWDA Priority of Service policy and was there documentation to support that determination? (Y, N, N/A) (Note: N/A= Priority of Service was not applicable to the participant, participant was a Dislocated Worker or an Employed/Incumbent Worker referred by the employer). | J69: =COUNTIF('Adult-DW'!D28:R28,"Y") -> 0 | K69: =COUNTIF('Adult-DW'!D28:R28,"N") -> 0 | L69: =COUNTIF('Adult-DW'!D28:R28,"N/A") -> 0 | M69: =K69+L69 -> 0 | O69: 79 | P69: Was the participant exited with an exclusion? (Y,N, N/A). (N/A= Participant did not exit with exclusion). | Q69: =COUNTIF('Adult-DW'!D121:R121,"Y") -> 0 | R69: =COUNTIF('Adult-DW'!D121:R121,"N") -> 0 | S69: =COUNTIF('Adult-DW'!D121:R121,"N/A") -> 0 | T69: =R69+S69 -> 0
B70: Percent | C70: =IF(($C69+$D69)>0,C69/($C69+$D69),0) -> 0 | D70: =IF(($C69+$D69)>0,D69/($C69+$D69),0) -> 0 | E70: =IF(($C67+$D67)>0,E67/($C67+$D67),0) -> 0 | I70: Percent | J70: =IF(($J69+$K69)>0,J69/($J69+$K69),0) -> 0 | K70: =IF(($J69+$K69)>0,K69/($J69+$K69),0) -> 0 | L70: =IF(($J69+$K69)>0,L69/($J69+$K69),0) -> 0 | P70: Percent | Q70: =IF(($Q69+$R69)>0,Q69/($Q69+$R69),0) -> 0 | R70: =IF(($Q69+$R69)>0,R69/($Q69+$R69),0) -> 0 | S70: =IF(($Q69+$R69)>0,S69/($Q69+$R69),0) -> 0
C73: Yes | D73: No | E73: Total | J73: Yes | K73: No | L73: N/A | M73: Total | Q73: Yes | R73: No | S73: N/A | T73: Total
A74: 15 | B74: If yes to #14, did the Grievance/Complaint and EEO/Discrimination Form include the correct name and addresses for filing a grievance or EEO complaint? (Y, N). | C74: =COUNTIF(Youth!D24:R24,"Y") -> 0 | D74: =COUNTIF(Youth!D24:R24,"N") -> 0 | E74: =C74+D74 -> 0 | H74: 15 | I74: Is there a clear selection process/procedure followed when providing individualized services and training services when there is a waiting list and priority of service is engaged? | J74: =COUNTIF('Adult-DW'!D29:R29,"Y") -> 0 | K74: =COUNTIF('Adult-DW'!D29:R29,"N") -> 0 | L74: =COUNTIF('Adult-DW'!D29:R29,"N/A") -> 0 | M74: =K74+L74 -> 0 | O74: 80 | P74: If yes to #79, was documentation in the case file to verify the exclusion meets the federal guidelines? (Y,N, N/A). (N/A= Participant did not exit with exclusion). | Q74: =COUNTIF('Adult-DW'!D122:R122,"Y") -> 0 | R74: =COUNTIF('Adult-DW'!D122:R122,"N") -> 0 | S74: =COUNTIF('Adult-DW'!D122:R122,"N/A") -> 0 | T74: =R74+S74 -> 0
B75: Percent | C75: =IF(($C74+$D74)>0,C74/($C74+$D74),0) -> 0 | D75: =IF(($C74+$D74)>0,D74/($C74+$D74),0) -> 0 | I75: Percent | J75: =IF(($J74+$K74)>0,J74/($J74+$K74),0) -> 0 | K75: =IF(($J74+$K74)>0,K74/($J74+$K74),0) -> 0 | L75: =IF(($J74+$K74)>0,L74/($J74+$K74),0) -> 0 | P75: Percent | Q75: =IF(($Q74+$R74)>0,Q74/($Q74+$R74),0) -> 0 | R75: =IF(($Q74+$R74)>0,R74/($Q74+$R74),0) -> 0 | S75: =IF(($Q74+$R74)>0,S74/($Q74+$R74),0) -> 0
H77: FORMS | O77: QUARTERLY FOLLOW-UPS
C78: Yes | D78: No | E78: N/A | F78: Total | J78: Yes | K78: No | L78: N/A | M78: Total | Q78: Yes | R78: No | S78: N/A | T78: Total
A79: 16 | B79: Was a current signed Consent to Exchange Information form in the participant's case file? | C79: =COUNTIF(Youth!D25:R25,"Y") -> 0 | D79: =COUNTIF(Youth!D25:R25,"N") -> 0 | E79: =COUNTIF(Youth!D25:R25,"N/A") -> 0 | F79: =D79+E79 -> 0 | H79: 16 | I79: Was a signed and dated Grievance/Complaint and EEO/Discrimination Form in the participant's hard copy case file? (Y, N). | J79: =COUNTIF('Adult-DW'!D32:R32,"Y") -> 0 | K79: =COUNTIF('Adult-DW'!D32:R32,"N") -> 0 | L79: =COUNTIF('Adult-DW'!D32:R32,"N/A") -> 0 | M79: =J79+K79+L79 -> 0 | O79: 81 | P79: Were required follow-ups conducted for each of the 1st, 2nd, 3rd, and 4th quarters after exit intervals, as applicable? (Y, N, N/A). (Note: N/A = Participant's case is currently open, there is a case closure but participant has not exited the program, quarterly follow-up is not due or the participant cannot be located). | Q79: =COUNTIF('Adult-DW'!D125:R125,"Y") -> 0 | R79: =COUNTIF('Adult-DW'!D125:R125,"N") -> 0 | S79: =COUNTIF('Adult-DW'!D125:R125,"N/A") -> 0 | T79: =Q79+R79+S79 -> 0
B80: Percent | C80: =IF(($C79+$D79)>0,C79/($C79+$D79),0) -> 0 | D80: =IF(($C79+$D79)>0,D79/($C79+$D79),0) -> 0 | E80: =IF(($C77+$D77)>0,E77/($C77+$D77),0) -> 0 | I80: Percent | J80: =IF(($J79+$K79)>0,J79/($J79+$K79),0) -> 0 | K80: =IF(($J79+$K79)>0,K79/($J79+$K79),0) -> 0 | L80: =IF(($J79+$K79)>0,L79/($J79+$K79),0) -> 0 | P80: Percent | Q80: =IF(($Q79+$R79)>0,Q79/($Q79+$R79),0) -> 0 | R80: =IF(($Q79+$R79)>0,R79/($Q79+$R79),0) -> 0 | S80: =IF(($Q79+$R79)>0,S79/($Q79+$R79),0) -> 0
A82: OBJECTIVE ASSESSMENT and INDIVIDUAL SERVICE STRATEGY (ISS)
C83: Yes | D83: No | E83: N/A | F83: Total | J83: Yes | K83: No | L83: Total | Q83: Yes | R83: No | S83: N/A | T83: Total
A84: 17 | B84: Was documentation in the case file of an objective assessment? (Y, N). | C84: =COUNTIF(Youth!D29:R29,"Y") -> 0 | D84: =COUNTIF(Youth!D29:R29,"N") -> 0 | E84: =COUNTIF(Youth!D29:R29,"N/A") -> 0 | F84: =C84+D84+E84 -> 0 | H84: 17 | I84: If yes to #16, did the Grievance/Complaint and EEO/Discrimination Form include the correct name and addresses for filing a grievance or EEO complaint? (Y, N). | J84: =COUNTIF('Adult-DW'!D33:R33,"Y") -> 0 | K84: =COUNTIF('Adult-DW'!D33:R33,"N") -> 0 | L84: =J84+K84 -> 0 | O84: 82 | P84: If yes, were the follow-ups conducted by the due date indicated in the quarterly follow-up table in the VaWC? (Y, N, N/A) (Note: N/A=Participant cannot be located). | Q84: =COUNTIF('Adult-DW'!D126:R126,"Y") -> 0 | R84: =COUNTIF('Adult-DW'!D126:R126,"N") -> 0 | S84: =COUNTIF('Adult-DW'!D126:R126,"N/A") -> 0 | T84: =Q84+R84+S84 -> 0
B85: Percent | C85: =IF(($C84+$D84)>0,C84/($C84+$D84),0) -> 0 | D85: =IF(($C84+$D84)>0,D84/($C84+$D84),0) -> 0 | E85: =IF(($C82+$D82)>0,E82/($C82+$D82),0) -> 0 | I85: Percent | J85: =IF(($J84+$K84)>0,J84/($J84+$K84),0) -> 0 | K85: =IF(($J84+$K84)>0,K84/($J84+$K84),0) -> 0 | P85: Percent | Q85: =IF(($Q84+$R84)>0,Q84/($Q84+$R84),0) -> 0 | R85: =IF(($Q84+$R84)>0,R84/($Q84+$R84),0) -> 0 | S85: =IF(($Q84+$R84)>0,S84/($Q84+$R84),0) -> 0
C87: Yes | D87: No | E87: N/A | F87: Total | J87: Yes | K87: No | L87: N/A | M87: Total | Q87: Yes | R87: No | S87: N/A | T87: Total
A88: 18 | B88: If yes to #17, does the Objective Assessment include an assessment of the academic level, occupational skill level, as well as the service needs and strengths of the participant? (Y, N, N/A). | C88: =COUNTIF(Youth!D30:R30,"Y") -> 0 | D88: =COUNTIF(Youth!D30:R30,"N") -> 0 | E88: =COUNTIF(Youth!D30:R30,"N/A") -> 0 | F88: =C88+D88+E88 -> 0 | H88: 18 | I88: Was a current signed Consent to Exchange Information form in the participant's case file? | J88: =COUNTIF('Adult-DW'!D34:R34,"Y") -> 0 | K88: =COUNTIF('Adult-DW'!D34:R34,"N") -> 0 | L88: =COUNTIF('Adult-DW'!D34:R34,"N/A") -> 0 | M88: =J88+K88+L88 -> 0 | O88: 83 | P88: Was performance information correctly entered in the follow-up fields in VaWC for each applicable quarter and properly verified? (Y, N, N/A) (Note: N/A =Participant was not employed during the time of the quarterly follow up or the participant cannot be located). | Q88: =COUNTIF('Adult-DW'!D127:R127,"Y") -> 0 | R88: =COUNTIF('Adult-DW'!D127:R127,"N") -> 0 | S88: =COUNTIF('Adult-DW'!D127:R127,"N/A") -> 0 | T88: =Q88+R88+S88 -> 0
B89: Percent | C89: =IF(($C88+$D88)>0,C88/($C88+$D88),0) -> 0 | D89: =IF(($C88+$D88)>0,D88/($C88+$D88),0) -> 0 | E89: =IF(($C86+$D86)>0,E86/($C86+$D86),0) -> 0 | I89: Percent | J89: =IF(($J88+$K88)>0,J88/($J88+$K88),0) -> 0 | K89: =IF(($J88+$K88)>0,K88/($J88+$K88),0) -> 0 | L89: =IF(($J88+$K88)>0,L88/($J88+$K88),0) -> 0 | P89: Percent | Q89: =IF(($Q88+$R88)>0,Q88/($Q88+$R88),0) -> 0 | R89: =IF(($Q88+$R88)>0,R88/($Q88+$R88),0) -> 0 | S89: =IF(($Q88+$R88)>0,S88/($Q88+$R88),0) -> 0
H90: BASIC CAREER SERVICES
C91: Yes | D91: No | E91: N/A | F91: Total | J91: Yes | K91: No | L91: N/A | M91: Total
A92: 19 | B92: Was documentation in the case file of an ISS that was created jointly by the participant and the career manager, and contained at least one of the 14 program elements listed? (Y, N). (If N, questions 18 and 19 will be N/A). | C92: =COUNTIF(Youth!D31:R31,"Y") -> 0 | D92: =COUNTIF(Youth!D31:R31,"N") -> 0 | E92: =COUNTIF(Youth!D31:R31,"N/A") -> 0 | F92: =C92+D92+E92 -> 0 | H92: 19 | I92: Was a basic career service activity entered in the State's VaWC? (Y, N) (Note: N = Participant did not receive a basic career service that required significant staff assistance. | J92: =COUNTIF('Adult-DW'!D37:R37,"Y") -> 0 | K92: =COUNTIF('Adult-DW'!D37:R37,"N") -> 0 | L92: =COUNTIF('Adult-DW'!D37:R37,"N/A") -> 0 | M92: =J92+K92+L92 -> 0
B93: Percent | C93: =IF(($C92+$D92)>0,C92/($C92+$D92),0) -> 0 | D93: =IF(($C92+$D92)>0,D92/($C92+$D92),0) -> 0 | E93: =IF(($C90+$D90)>0,E90/($C90+$D90),0) -> 0 | I93: Percent | J93: =IF(($J92+$K92)>0,J92/($J92+$K92),0) -> 0 | K93: =IF(($J92+$K92)>0,K92/($J92+$K92),0) -> 0 | L93: =IF(($J92+$K92)>0,L92/($J92+$K92),0) -> 0
A95: MEASUREABLE SKILLS GAIN
C96: Yes | D96: No | E96: N/A | F96: Total | J96: Yes | K96: No | L96: N/A | M96: Total
A97: 20 | B97: If yes to #19, does the ISS directly link to one or more of the performance indicators and does the ISS list the activities and services the youth will be or has been engaged in during participation in the WIOA program? (Y, N, N/A). | C97: =COUNTIF(Youth!D32:R32,"Y") -> 0 | D97: =COUNTIF(Youth!D32:R32,"N") -> 0 | E97: =COUNTIF(Youth!D32:R32,"N/A") -> 0 | F97: =C97+D97+E97 -> 0 | H97: 20 | I97: If yes to #19, does the ISS directly link to one or more of the performance indicators and does the ISS list the activities and services the youth will be or has been engaged in during participation in the WIOA program? (Y, N, N/A). | J97: =COUNTIF('Adult-DW'!D38:R38,"Y") -> 0 | K97: =COUNTIF('Adult-DW'!D38:R38,"N") -> 0 | L97: =COUNTIF('Adult-DW'!D38:R38,"N/A") -> 0 | M97: =J97+K97+L97 -> 0
B98: Percent | C98: =IF(($C97+$D97)>0,C97/($C97+$D97),0) -> 0 | D98: =IF(($C97+$D97)>0,D97/($C97+$D97),0) -> 0 | E98: =IF(($C95+$D95)>0,E95/($C95+$D95),0) -> 0 | I98: Percent | J98: =IF(($J97+$K97)>0,J97/($J97+$K97),0) -> 0 | K98: =IF(($J97+$K97)>0,K97/($J97+$K97),0) -> 0 | L98: =IF(($J97+$K97)>0,L97/($J97+$K97),0) -> 0
H99: INDIVIDUALIZED CAREER SERVICES (trigger participation)
C100: Yes | D100: No | E100: N/A | F100: Total | J100: Yes | K100: No | L100: N/A | M100: Total
A101: 21 | B101: If yes to #20, was the ISS in the case file updated as activities were completed, benchmarks reached, goals achieved and/or the youth's needs changed? (Y, N, N/A). | C101: =COUNTIF(Youth!D33:R33,"Y") -> 0 | D101: =COUNTIF(Youth!D33:R33,"N") -> 0 | E101: =COUNTIF(Youth!D33:R33,"N/A") -> 0 | F101: =C101+D101+E101 -> 0 | H101: 21 | I101: Was an Individualized career service entered in the State's VaWC? (Y, N, N/A) (Note: N= Participant did not receive an individualized career service). (If N, questions 18 and 19 will be N/A). | J101: =COUNTIF('Adult-DW'!D41:R41,"Y") -> 0 | K101: =COUNTIF('Adult-DW'!D41:R41,"N") -> 0 | L101: =COUNTIF('Adult-DW'!D41:R41,"N/A") -> 0 | M101: =J101+K101+L101 -> 0
B102: Percent | C102: =IF(($C101+$D101)>0,C101/($C101+$D101),0) -> 0 | D102: =IF(($C101+$D101)>0,D101/($C101+$D101),0) -> 0 | E102: =IF(($C99+$D99)>0,E99/($C99+$D99),0) -> 0 | I102: Percent | J102: =IF(($J101+$K101)>0,J101/($J101+$K101),0) -> 0 | K102: =IF(($J101+$K101)>0,K101/($J101+$K101),0) -> 0 | L102: =IF(($J101+$K101)>0,L101/($J101+$K101),0) -> 0
A104: WORK EXPERIENCE
C105: Yes | D105: No | E105: N/A | F105: Total | J105: Yes | K105: No | L105: N/A | M105: Total
A106: 23 | B106: Was a WE activity entered in the State's VaWC? (Y, N) (Note: N/A = Participant did not receive a WE activity). (If N/A, questions 29 through 32 will be N/A). | C106: =COUNTIF(Youth!D38:R38,"Y") -> 0 | D106: =COUNTIF(Youth!D38:R38,"N") -> 0 | E106: =COUNTIF(Youth!D38:R38,"N/A") -> 0 | F106: =C106+D106+E106 -> 0 | H106: 22 | I106: If yes to #21, was documentation in the case file of a determination of need for individualized services to obtain or retain employment leading to "self-sufficiency"? (Y,N,N/A) (Note: X= Participant did not received individualized services). | J106: =COUNTIF('Adult-DW'!D42:R42,"Y") -> 0 | K106: =COUNTIF('Adult-DW'!D42:R42,"N") -> 0 | L106: =COUNTIF('Adult-DW'!D42:R42,"N/A") -> 0 | M106: =J106+K106+L106 -> 0
B109: Percent | C109: =IF(($C106+$D106)>0,C106/($C106+$D106),0) -> 0 | D109: =IF(($C106+$D106)>0,D106/($C106+$D106),0) -> 0 | E109: =IF(($C106+$D106)>0,E106/($C106+$D106),0) -> 0 | I109: Percent | J109: =IF(($J108+$K108)>0,J108/($J108+$K108),0) -> 0 | K109: =IF(($J108+$K108)>0,K108/($J108+$K108),0) -> 0 | L109: =IF(($J108+$K108)>0,L108/($J108+$K108),0) -> 0
C112: Yes | D112: No | E112: N/A | F112: Total | J112: Yes | K112: No | L112: N/A | M112: Total
A113: 24 | B113: If yes to #23, was a WE activity agreement executed between the employer and the LWDB (Service Provider) for the participant's training? (Y,N,N/A) (N/A = Participant did not receive WE activity). See comment. | C113: =COUNTIF(Youth!D39:R39,"Y") -> 0 | D113: =COUNTIF(Youth!D39:R39,"N") -> 0 | E113: =COUNTIF(Youth!D39:R39,"N/A") -> 0 | F113: =C113+D113+E113 -> 0 | H113: 23 | I113: If yes to #21, was documentation in the case file of the individualized career service provided? (Y, N, N/A) (Note: N/A = Participant did not receive an individualized career service). | J113: =COUNTIF('Adult-DW'!D43:R43,"Y") -> 0 | K113: =COUNTIF('Adult-DW'!D43:R43,"N") -> 0 | L113: =COUNTIF('Adult-DW'!D43:R43,"N/A") -> 0 | M113: =J113+K113+L113 -> 0
B114: Percent | C114: =IF(($C113+$D113)>0,C113/($C113+$D113),0) -> 0 | D114: =IF(($C113+$D113)>0,D113/($C113+$D113),0) -> 0 | E114: =IF(($C113+$D113)>0,E113/($C113+$D113),0) -> 0 | I114: Percent | J114: =IF(($J113+$K113)>0,J113/($J113+$K113),0) -> 0 | K114: =IF(($J113+$K113)>0,K113/($J113+$K113),0) -> 0 | L114: =IF(($J113+$K113)>0,L113/($J113+$K113),0) -> 0
H116: WORK EXPERIENCE / INTERNSHIP
C117: Yes | D117: No | E117: N/A | F117: Total | J117: Yes | K117: No | L117: N/A | M117: Total
A118: 25 | B118: Was documentation in the case file that the WE start date was on or after the employer's WE activity agreement effective date? (Y, N, N/A) (N/A = Participant did not receive WE activity). | C118: =COUNTIF(Youth!D40:R40,"Y") -> 0 | D118: =COUNTIF(Youth!D40:R40,"N") -> 0 | E118: =COUNTIF(Youth!D40:R40,"N/A") -> 0 | F118: =C118+D118+E118 -> 0 | H118: 24 | I118: Was the participant provided a work experience (WE) service? (Y, N) (Note: N = Participant did not receive a WE activity). (If N, questions 20 through 26 will be N/A). | J118: =COUNTIF('Adult-DW'!D46:R46,"Y") -> 0 | K118: =COUNTIF('Adult-DW'!D46:R46,"N") -> 0 | L118: =COUNTIF('Adult-DW'!D46:R46,"N/A") -> 0 | M118: =J118+K118+L118 -> 0
B119: Percent | C119: =IF(($C118+$D118)>0,C118/($C118+$D118),0) -> 0 | D119: =IF(($C118+$D118)>0,D118/($C118+$D118),0) -> 0 | E119: =IF(($C118+$D118)>0,E118/($C118+$D118),0) -> 0 | I119: Percent | J119: =IF(($J118+$K118)>0,J118/($J118+$K118),0) -> 0 | K119: =IF(($J118+$K118)>0,K118/($J118+$K118),0) -> 0 | L119: =IF(($J118+$K118)>0,L118/($J118+$K118),0) -> 0
C122: Yes | D122: No | E122: N/A | F122: Total | J122: Yes | K122: No | L122: N/A | M122: Total
A123: 26 | B123: Was this a paid WE? (Y, N, N/A) (Note: N/A=Participant did not participate in a WE activity). | C123: =COUNTIF(Youth!D41:R41,"Y") -> 0 | D123: =COUNTIF(Youth!D41:R41,"N") -> 0 | E123: =COUNTIF(Youth!D41:R41,"N/A") -> 0 | F123: =C123+D123+E123 -> 0 | H123: 25 | I123: Was a WE activity entered in the State's VaWC? (Y, N, N/A) (Note: N = Participant did not receive a WE activity or participant received a WE service but the activity was not entered in the VaWC). | J123: =COUNTIF('Adult-DW'!D47:R47,"Y") -> 0 | K123: =COUNTIF('Adult-DW'!D47:R47,"N") -> 0 | L123: =COUNTIF('Adult-DW'!D47:R47,"N/A") -> 0 | M123: =J123+K123+L123 -> 0
C124: =IF(($C123+$D123)>0,C123/($C123+$D123),0) -> 0 | D124: =IF(($C123+$D123)>0,D123/($C123+$D123),0) -> 0 | E124: =IF(($C123+$D123)>0,E123/($C123+$D123),0) -> 0 | I124: Percent | J124: =IF(($J123+$K123)>0,J123/($J123+$K123),0) -> 0 | K124: =IF(($J123+$K123)>0,K123/($J123+$K123),0) -> 0 | L124: =IF(($J123+$K123)>0,L123/($J123+$K123),0) -> 0
C126: Yes | D126: No | E126: N/A | F126: Total | J126: Yes | K126: No | L126: N/A | M126: Total
A127: 27 | B127: If yes to #26, was the participant paid the wage stated in the agreement and were FLSA requirements met? (Y, N, N/A) (N/A = Participant did not receive WE activity). | C127: =COUNTIF(Youth!D42:R42,"Y") -> 0 | D127: =COUNTIF(Youth!D42:R42,"N") -> 0 | E127: =COUNTIF(Youth!D42:R42,"N/A") -> 0 | F127: =C127+D127+E127 -> 0 | H127: 26 | I127: If yes to # 24,was a WE training agreement executed between the employer and the LWDB for the participant's training? (Y,N,N/A) (Note: X = Participant did not receive a WE activity). | J127: =COUNTIF('Adult-DW'!D48:R48,"Y") -> 0 | K127: =COUNTIF('Adult-DW'!D48:R48,"N") -> 0 | L127: =COUNTIF('Adult-DW'!D48:R48,"N/A") -> 0 | M127: =K127+L127 -> 0
B128: Percent | C128: =IF(($C127+$D127)>0,C127/($C127+$D127),0) -> 0 | D128: =IF(($C127+$D127)>0,D127/($C127+$D127),0) -> 0 | E128: =IF(($C127+$D127)>0,E127/($C127+$D127),0) -> 0 | I128: Percent | J128: =IF(($J127+$K127)>0,J127/($J127+$K127),0) -> 0 | K128: =IF(($J127+$K127)>0,K127/($J127+$K127),0) -> 0 | L128: =IF(($J127+$K127)>0,L127/($J127+$K127),0) -> 0
C131: Yes | D131: No | E131: N/A | F131: Total | J131: Yes | K131: No | L131: N/A | M131: Total
A132: 28 | B132: Was the WE training provided as described in the WE agreement and ISS? (Y, N, N/A) (N/A = Participant did not receive WE activity). | C132: =COUNTIF(Youth!D43:R43,"Y") -> 0 | D132: =COUNTIF(Youth!D43:R43,"N") -> 0 | E132: =COUNTIF(Youth!D43:R43,"N/A") -> 0 | F132: =C132+D132+E132 -> 0 | H132: 27 | I132: Was documentation in the case file that the WE start date was on or after the employer's WE training agreement effective date? (Y, N, X) (Note: X = Participant did not receive a WE activity). | J132: =COUNTIF('Adult-DW'!D49:R49,"Y") -> 0 | K132: =COUNTIF('Adult-DW'!D49:R49,"N") -> 0 | L132: =COUNTIF('Adult-DW'!D49:R49,"N/A") -> 0 | M132: =J132+K132+L132 -> 0
B133: Percent | C133: =IF(($C132+$D132)>0,C132/($C132+$D132),0) -> 0 | D133: =IF(($C132+$D132)>0,D132/($C132+$D132),0) -> 0 | E133: =IF(($C132+$D132)>0,E132/($C132+$D132),0) -> 0 | I133: Percent | J133: =IF(($J132+$K132)>0,J132/($J132+$K132),0) -> 0 | K133: =IF(($J132+$K132)>0,K132/($J132+$K132),0) -> 0 | L133: =IF(($J132+$K132)>0,L132/($J132+$K132),0) -> 0
C135: Yes | D135: No | E135: N/A | F135: Total | J135: Yes | K135: No | L135: N/A | M135: Total
A136: 29 | B136: Did the WE include an academic or occupational education component? (Y,N) | C136: =COUNTIF(Youth!D44:R44,"Y") -> 0 | D136: =COUNTIF(Youth!D44:R44,"N") -> 0 | E136: =COUNTIF(Youth!D44:R44,"N/A") -> 0 | F136: =C136+D136+E136 -> 0 | H136: 28 | I136: Was this a paid WE? (Y,N,N/A) (Note: N/A =Participant did not receive a WE activity). (Note: Transitional Jobs must be a paid activity). | J136: =COUNTIF('Adult-DW'!D50:R50,"Y") -> 0 | K136: =COUNTIF('Adult-DW'!D50:R50,"N") -> 0 | L136: =COUNTIF('Adult-DW'!D50:R50,"N/A") -> 0 | M136: =J136+K136+L136 -> 0
B137: Percent | C137: =IF(($C136+$D136)>0,C136/($C136+$D136),0) -> 0 | D137: =IF(($C136+$D136)>0,D136/($C136+$D136),0) -> 0 | I137: Percent | J137: =IF(($J136+$K136)>0,J136/($J136+$K136),0) -> 0 | K137: =IF(($J136+$K136)>0,K136/($J136+$K136),0) -> 0
C139: Yes | D139: No | E139: N/A | F139: Total | J139: Yes | K139: No | L139: N/A | M139: Total
...

Sheet Yth Results
B2: Youth Results
B3: State ID | C3: File Status | D3: Issue | E3: Notes
A4: 1 | B4: =Youth!D4 -> 0 | C4: =Youth!D5 -> 0 | D4: Program Eligibility | E4: =Youth!D18 -> 0
D5: Forms | E5: =Youth!D26 -> 0
D6: Obj. Assess/ ISS | E6: =Youth!D34 -> 0
D7: Work Experience | E7: =Youth!D48 -> 0
D8: Occ. Skills Training | E8: =Youth!D55 -> 0
D9: Supportive Service | E9: =Youth!D65 -> 0
D10: Meas. Skills Gains | E10: =Youth!D70 -> 0
D11: Credentials | E11: =Youth!D75 -> 0
D12: Program Closure | E12: =Youth!D82 -> 0
D13: Follow-up | E13: =Youth!D88 -> 0
D14: Qtrly Follow-up | E14: =Youth!D93 -> 0
A15: 2 | B15: =Youth!E4 -> 0 | C15: =Youth!E5 -> 0 | D15: Program Eligibility | E15: =Youth!E18 -> 0
D16: Forms | E16: =Youth!E26 -> 0
D17: Obj. Assess/ ISS | E17: =Youth!E34 -> 0
D18: Work Experience | E18: =Youth!E48 -> 0
D19: Occ. Skills Training | E19: =Youth!E55 -> 0
D20: Supportive Service | E20: =Youth!E65 -> 0
D21: Meas. Skills Gains | E21: =Youth!E70 -> 0
D22: Credentials | E22: =Youth!E75 -> 0
D23: Program Closure | E23: =Youth!E82 -> 0
D24: Follow-up | E24: =Youth!E88 -> 0
D25: Qtrly Follow-up | E25: =Youth!E93 -> 0
A26: 3 | B26: =Youth!F4 -> 0 | C26: =Youth!F5 -> 0 | D26: Program Eligibility | E26: =Youth!F18 -> 0
D27: Forms | E27: =Youth!F26 -> 0
D28: Obj. Assess/ ISS | E28: =Youth!F34 -> 0
D29: Work Experience | E29: =Youth!F48 -> 0
D30: Occ. Skills Training | E30: =Youth!F55 -> 0
D31: Supportive Service | E31: =Youth!F65 -> 0
D32: Meas. Skills Gains | E32: =Youth!F70 -> 0
D33: Credentials | E33: =Youth!F75 -> 0
D34: Program Closure | E34: =Youth!F82 -> 0
D35: Follow-up | E35: =Youth!F88 -> 0
D36: Qtrly Follow-up | E36: =Youth!F93 -> 0
A37: 4 | B37: =Youth!G4 -> 0 | C37: =Youth!G5 -> 0 | D37: Program Eligibility | E37: =Youth!G18 -> 0
D38: Forms | E38: =Youth!G26 -> 0
D39: Obj. Assess/ ISS | E39: =Youth!G34 -> 0
D40: Work Experience | E40: =Youth!G48 -> 0
D41: Occ. Skills Training | E41: =Youth!G55 -> 0
D42: Supportive Service | E42: =Youth!G65 -> 0
D43: Meas. Skills Gains | E43: =Youth!G70 -> 0
D44: Credentials | E44: =Youth!G75 -> 0
D45: Program Closure | E45: =Youth!G82 -> 0
D46: Follow-up | E46: =Youth!G88 -> 0
D47: Qtrly Follow-up | E47: =Youth!G93 -> 0
A48: 5 | B48: =Youth!H4 -> 0 | C48: =Youth!H5 -> 0 | D48: Program Eligibility | E48: =Youth!H18 -> 0
D49: Forms | E49: =Youth!H26 -> 0
D50: Obj. Assess/ ISS | E50: =Youth!H34 -> 0
D51: Work Experience | E51: =Youth!H48 -> 0
D52: Occ. Skills Training | E52: =Youth!H55 -> 0
D53: Supportive Service | E53: =Youth!H65 -> 0
D54: Meas. Skills Gains | E54: =Youth!H70 -> 0
D55: Credentials | E55: =Youth!H75 -> 0
D56: Program Closure | E56: =Youth!H82 -> 0
D57: Follow-up | E57: =Youth!H88 -> 0
D58: Qtrly Follow-up | E58: =Youth!H93 -> 0
A59: 6 | B59: =Youth!I4 -> 0 | C59: =Youth!I5 -> 0 | D59: Program Eligibility | E59: =Youth!I18 -> 0
D60: Forms | E60: =Youth!I26 -> 0
D61: Obj. Assess/ ISS | E61: =Youth!I34 -> 0
D62: Work Experience | E62: =Youth!I48 -> 0
D63: Occ. Skills Training | E63: =Youth!I55 -> 0
D64: Supportive Service | E64: =Youth!I65 -> 0
D65: Meas. Skills Gains | E65: =Youth!I70 -> 0
D66: Credentials | E66: =Youth!I75 -> 0
D67: Program Closure | E67: =Youth!I82 -> 0
D68: Follow-up | E68: =Youth!I88 -> 0
D69: Qtrly Follow-up | E69: =Youth!I93 -> 0
A70: 7 | B70: =Youth!J4 -> 0 | C70: =Youth!J5 -> 0 | D70: Program Eligibility | E70: =Youth!J18 -> 0
D71: Forms | E71: =Youth!J26 -> 0
D72: Obj. Assess/ ISS | E72: =Youth!J34 -> 0
D73: Work Experience | E73: =Youth!J48 -> 0
D74: Occ. Skills Training | E74: =Youth!J48 -> 0
D75: Supportive Service | E75: =Youth!J55 -> 0
D76: Meas. Skills Gains | E76: =Youth!J65 -> 0
D77: Credentials | E77: =Youth!J70 -> 0
D78: Program Closure | E78: =Youth!J82 -> 0
D79: Follow-up | E79: =Youth!J88 -> 0
D80: Qtrly Follow-up | E80: =Youth!J93 -> 0
A81: 8 | B81: =Youth!K4 -> 0 | C81: =Youth!K5 -> 0 | D81: Program Eligibility | E81: =Youth!K18 -> 0
D82: Forms | E82: =Youth!K26 -> 0
D83: Obj. Assess/ ISS | E83: =Youth!K34 -> 0
D84: Work Experience | E84: =Youth!K48 -> 0
D85: Occ. Skills Training | E85: =Youth!K55 -> 0
D86: Supportive Service | E86: =Youth!K65 -> 0
D87: Meas. Skills Gains | E87: =Youth!K70 -> 0
D88: Credentials | E88: =Youth!K75 -> 0
D89: Program Closure | E89: =Youth!K82 -> 0
D90: Follow-up | E90: =Youth!K88 -> 0
D91: Qtrly Follow-up | E91: =Youth!K93 -> 0
A92: 9 | B92: =Youth!L4 -> 0 | C92: =Youth!L5 -> 0 | D92: Program Eligibility | E92: =Youth!L18 -> 0
D93: Forms | E93: =Youth!L26 -> 0
D94: Obj. Assess/ ISS | E94: =Youth!L34 -> 0
D95: Work Experience | E95: =Youth!L48 -> 0
D96: Occ. Skills Training | E96: =Youth!L55 -> 0
D97: Supportive Service | E97: =Youth!L65 -> 0
D98: Meas. Skills Gains | E98: =Youth!L70 -> 0
D99: Credentials | E99: =Youth!L75 -> 0
D100: Program Closure | E100: =Youth!L82 -> 0
D101: Follow-up | E101: =Youth!L88 -> 0
...

Sheet AD-DW Results
B2: ADULT - DW
B3: State ID | C3: File Status | D3: Issue | E3: Notes
A4: 1 | B4: ='Adult-DW'!D4 -> 0 | C4: ='Adult-DW'!D5 -> 0 | D4: Program Eligibility | E4: ='Adult-DW'!D13 -> 0
D5: Priority Pop- Barriers | E5: ='Adult-DW'!D17 -> 0
D6: Self-Sufficiency | E6: ='Adult-DW'!D22 -> 0
D7: Veterans Priority | E7: ='Adult-DW'!D26 -> 0
D8: AD Priority of Service | E8: ='Adult-DW'!D30 -> 0
D9: Required Forms | E9: ='Adult-DW'!D35 -> 0
D10: Basic Career Services | E10: ='Adult-DW'!D39 -> 0
D11: Individ.Career Services | E11: ='Adult-DW'!D44 -> 0
D12: Work Experience | E12: ='Adult-DW'!D53 -> 0
D13: Transitional Jobs | E13: ='Adult-DW'!D60 -> 0
D14: Training Services | E14: ='Adult-DW'!D68 -> 0
D15: Registered App | E15: ='Adult-DW'!D71 -> 0
D16: Adult Ed & Literacy | E16: ='Adult-DW'!D74 -> 0
D17: Contract Training | E17: ='Adult-DW'!D90 -> 0
D18: Support Services | E18: ='Adult-DW'!D100 -> 0
D19: Measurable Skills Gain | E19: ='Adult-DW'!D105 -> 0
D20: Credential Attainment | E20: ='Adult-DW'!D110 -> 0
D21: Follow-up Services | E21: ='Adult-DW'!D116 -> 0
D22: Program Exit/Perform | E22: ='Adult-DW'!D123 -> 0
D23: Quarterly Follow-ups | E23: ='Adult-DW'!D128 -> 0
A24: 2 | B24: ='Adult-DW'!E4 -> 0 | C24: ='Adult-DW'!E5 -> 0 | D24: Program Eligibility | E24: ='Adult-DW'!E13 -> 0
D25: Priority Pop- Barriers | E25: ='Adult-DW'!E17 -> 0
D26: Self-Sufficiency | E26: ='Adult-DW'!E22 -> 0
D27: Veterans Priority | E27: ='Adult-DW'!E26 -> 0
D28: AD Priority of Service | E28: ='Adult-DW'!E30 -> 0
D29: Required Forms | E29: ='Adult-DW'!E35 -> 0
D30: Basic Career Services | E30: ='Adult-DW'!E39 -> 0
D31: Individ.Career Services | E31: ='Adult-DW'!E44 -> 0
D32: Work Experience | E32: ='Adult-DW'!E53 -> 0
D33: Transitional Jobs | E33: ='Adult-DW'!E60 -> 0
D34: Training Services | E34: ='Adult-DW'!E68 -> 0
D35: Registered App | E35: ='Adult-DW'!E71 -> 0
D36: Adult Ed & Literacy | E36: ='Adult-DW'!E74 -> 0
D37: Contract Training | E37: ='Adult-DW'!E90 -> 0
D38: Support Services | E38: ='Adult-DW'!E100 -> 0
D39: Measurable Skills Gain | E39: ='Adult-DW'!E105 -> 0
D40: Credential Attainment | E40: ='Adult-DW'!E110 -> 0
D41: Follow-up Services | E41: ='Adult-DW'!E116 -> 0
D42: Program Exit/Perform | E42: ='Adult-DW'!E123 -> 0
D43: Quarterly Follow-ups | E43: ='Adult-DW'!E128 -> 0
A44: 3 | B44: ='Adult-DW'!F4 -> 0 | C44: ='Adult-DW'!F5 -> 0 | D44: Program Eligibility | E44: ='Adult-DW'!F13 -> 0
D45: Priority Pop- Barriers | E45: ='Adult-DW'!F17 -> 0
D46: Self-Sufficiency | E46: ='Adult-DW'!F22 -> 0
D47: Veterans Priority | E47: ='Adult-DW'!F26 -> 0
D48: AD Priority of Service | E48: ='Adult-DW'!F30 -> 0
D49: Required Forms | E49: ='Adult-DW'!F35 -> 0
D50: Basic Career Services | E50: ='Adult-DW'!F39 -> 0
D51: Individ.Career Services | E51: ='Adult-DW'!F44 -> 0
D52: Work Experience | E52: ='Adult-DW'!F53 -> 0
D53: Transitional Jobs | E53: ='Adult-DW'!F60 -> 0
D54: Training Services | E54: ='Adult-DW'!F68 -> 0
D55: Registered App | E55: ='Adult-DW'!F71 -> 0
D56: Adult Ed & Literacy | E56: ='Adult-DW'!F74 -> 0
D57: Contract Training | E57: ='Adult-DW'!F90 -> 0
D58: Support Services | E58: ='Adult-DW'!F100 -> 0
D59: Measurable Skills Gain | E59: ='Adult-DW'!F105 -> 0
D60: Credential Attainment | E60: ='Adult-DW'!F110 -> 0
D61: Follow-up Services | E61: ='Adult-DW'!F116 -> 0
D62: Program Exit/Perform | E62: ='Adult-DW'!F123 -> 0
D63: Quarterly Follow-ups | E63: ='Adult-DW'!F128 -> 0
A64: 4 | B64: ='Adult-DW'!G4 -> 0 | C64: ='Adult-DW'!G5 -> 0 | D64: Program Eligibility | E64: ='Adult-DW'!G13 -> 0
D65: Priority Pop- Barriers | E65: ='Adult-DW'!G17 -> 0
D66: Self-Sufficiency | E66: ='Adult-DW'!G22 -> 0
D67: Veterans Priority | E67: ='Adult-DW'!G26 -> 0
D68: AD Priority of Service | E68: ='Adult-DW'!G30 -> 0
D69: Required Forms | E69: ='Adult-DW'!G35 -> 0
D70: Basic Career Services | E70: ='Adult-DW'!G39 -> 0
D71: Individ.Career Services | E71: ='Adult-DW'!G44 -> 0
D72: Work Experience | E72: ='Adult-DW'!G53 -> 0
D73: Transitional Jobs | E73: ='Adult-DW'!G60 -> 0
D74: Training Services | E74: ='Adult-DW'!G68 -> 0
D75: Registered App | E75: ='Adult-DW'!G71 -> 0
D76: Adult Ed & Literacy | E76: ='Adult-DW'!G74 -> 0
D77: Contract Training | E77: ='Adult-DW'!G90 -> 0
D78: Support Services | E78: ='Adult-DW'!G100 -> 0
D79: Measurable Skills Gain | E79: ='Adult-DW'!G105 -> 0
D80: Credential Attainment | E80: ='Adult-DW'!G110 -> 0
D81: Follow-up Services | E81: ='Adult-DW'!G116 -> 0
D82: Program Exit/Perform | E82: ='Adult-DW'!G123 -> 0
D83: Quarterly Follow-ups | E83: ='Adult-DW'!G128 -> 0
A84: 5 | B84: ='Adult-DW'!H4 -> 0 | C84: ='Adult-DW'!H5 -> 0 | D84: Program Eligibility | E84: ='Adult-DW'!H13 -> 0
D85: Priority Pop- Barriers | E85: ='Adult-DW'!H17 -> 0
D86: Self-Sufficiency | E86: ='Adult-DW'!H22 -> 0
D87: Veterans Priority | E87: ='Adult-DW'!H26 -> 0
D88: AD Priority of Service | E88: ='Adult-DW'!H30 -> 0
D89: Required Forms | E89: ='Adult-DW'!H35 -> 0
D90: Basic Career Services | E90: ='Adult-DW'!H39 -> 0
D91: Individ.Career Services | E91: ='Adult-DW'!H44 -> 0
D92: Work Experience | E92: ='Adult-DW'!H53 -> 0
D93: Transitional Jobs | E93: ='Adult-DW'!H60 -> 0
D94: Training Services | E94: ='Adult-DW'!H68 -> 0
D95: Registered App | E95: ='Adult-DW'!H71 -> 0
D96: Adult Ed & Literacy | E96: ='Adult-DW'!H74 -> 0
D97: Contract Training | E97: ='Adult-DW'!H90 -> 0
D98: Support Services | E98: ='Adult-DW'!H100 -> 0
D99: Measurable Skills Gain | E99: ='Adult-DW'!H105 -> 0
D100: Credential Attainment | E100: ='Adult-DW'!H110 -> 0
D101: Follow-up Services | E101: ='Adult-DW'!H116 -> 0
...

Sheet File Sample
A1: Formula Youth | H1: Formula Adult and Dislocated Worker
B2: Last Name | C2: First Name | D2: State ID/EFM ID | E2: Funding Stream | F2: Case ID | I2: Last Name | J2: First Name | K2: State ID/EFM ID | L2: Funding Stream | M2: Case ID
A3: 1 | H3: 1
A4: 2 | H4: 2
A5: 3 | H5: 3
A6: 4 | H6: 4
A7: 5 | H7: 5
A8: 6 | H8: 6
A9: 7 | H9: 7
A10: 8 | H10: 8
A11: 9 | H11: 9
A12: 10 | H12: 10
A13: 11 | H13: 11
A14: 12 | H14: 12
... A52: 50 | H52: 50
H53: 51
H54: 52
H55: 53
H56: 54
H57: 55
H58: 56
H59: 57
H60: 58
H61: 59
H62: 60

Sheet Sheet1
A1: SELECT Local Workforce Development Board:
A2: Region 1 - Southwest Virginia | C2: SELECT Reviewer Name: | F2: Y
A3: Region 2 - New River/Mt. Rogers | C3: Reviewer Name: Deirdre McGuirl | F3: N | I3: X
A4: Region 3 - Western Virginia | C4: Reviewer Name: Monica Long | F4: N/A | G4: OSY | H4: A | I4: OJT
A5: Region 4 - Shenandoah Valley | C5: Reviewer Name: Michelle Simmons | G5: ISY | H5: DW | I5: CT | O5: A. Displaced homemakers.
A6: Region 6 - Piedmont Workforce Network | C6: Reviewer Name: Vicki Tanner | I6: IWT | O6: B. Low-income individuals.
A7: Region 7 - Region 2000 | O7: C. Indians, Alaska Natives, and Native Hawaiians, as such terms are defined in section 166.
A8: Region 8- South Central | O8: D. Individuals with disabilities, including youth who are individuals with disabilities.
A9: Region 9 - Capital Region | O9: E. Older individuals.
A10: Region 11 - Northern Virginia | O10: F. Ex-offenders.
A11: Region 12 - Alexandria/Arlington | O11: G. Homeless individuals
A12: Region 13 - Bay Consortium | O12: H. Youth who are in or have aged out of the foster care system.
A13: Region 14 - Greater Peninsula | O13: I. Individuals who are English language learners, have low levels of literacy, facing substantial cultural barriers.
A14: Region 15 - Crater Area | O14: J. Eligible migrant and seasonal farmworkers, as defined in section 167(i).
A15: Region 16 - Hampton roads | O15: K. Individuals within 2 years of exhausting lifetime eligibility
A16: Region 17 - West Piedmont | O16: L. Single parents (including single pregnant women).
O17: M. Long-term unemployed individuals.
O18: N. Such other groups as the Governor involved determines to have barriers to employment.
A21: 1. Tutoring
A22: 2. Alternative secondary school
A23: 3. Paid/unpaid work experience
A24: 4. Occupational skills training
A25: 5. Education w/workforce preparation and training
A26: 6. Leadership Dev.
A27: 7. Support service
A28: 8. Adult mentoring
A29: 9. Follow-up
A30: 10. Comprehensive Guidance & Counseling
A31: 11. Financial Literacy
A32: 12. Entrepreneurial skills training
... A40: Case notes
